Workbook
Name _________key2: #REF!
Name _________key2: #REF!
Name _________key2: #REF!
Name _________key2: #REF!
Name _________key2: #REF!
Name _________key2: #REF!
Name _________key2: #REF!
Name _________PJ50: #REF!
Name _________PJ50: #REF!
Name _________PJ50: #REF!
Name _________PJ50: #REF!
Name _________PJ50: #REF!
Name _________PJ50: #REF!
Name _________PJ50: #REF!
Name ________key2: #REF!
Name ________key2: #REF!
Name ________key2: #REF!
Name ________key3: #REF!
Name ________key3: #REF!
Name ________MA2: #REF!
Name ________MA2: #REF!
Name ________PJ50: #REF!
Name ________PJ50: #REF!
Name _______MA2: #REF!
Name _______MA2: #REF!
Name _______PJ50: #REF!
Name _______PJ50: #REF!
Name ______MA2: #REF!
Name ______MA2: #REF!
Name ______PJ50: #REF!
Name ______PJ50: #REF!
Name ______pr01: #REF!
Name ______pr01: #REF!
Name ______pr02: #REF!
Name ______pr02: #REF!
Name ______pr03: #REF!
Name ______pr03: #REF!
Name ______pr04: #REF!
Name ______pr04: #REF!
Name ______pr05: #REF!
Name ______pr05: #REF!
Name ______pr06: #REF!
Name ______pr06: #REF!
Name ______pr07: #REF!
Name ______pr07: #REF!
Name ______pr08: #REF!
Name ______pr08: #REF!
Name ______pr09: #REF!
Name ______pr09: #REF!
Name ______pr10: #REF!
Name ______pr10: #REF!
Name ______pr11: #REF!
Name ______pr11: #REF!
Name ______pr12: #REF!
Name ______pr12: #REF!
Name ______pr13: #REF!
Name ______pr13: #REF!
Name ______pr14: #REF!
Name ______pr14: #REF!
Name ______pr15: #REF!

Sheet CONSOLIDADO (2)
B1: PROPONENTE | O1: FACTOR DE CALIDAD | P1: APOYO A INDUSTRIA NACIONAL | Q1: VINCULACIÓN DE PERSONAS CON DISCAPACIDAD | R1: PUNTAJE TOTAL
D2: REPRESENTANTE LEGAL | E2: AVAL | F2: EXPERIENCIA REQUERIDA | G2: UNO DE LOS INTEGRANTES DEBE APORTAR LA EXPERIENCIA MINIMA REQUERIDA ≥50% | H2: LOS DEMAS INTEGRANTES DEBEN ACREDITAR ≥ 5% DE LA EXPERIENCIA MINIMA REQUERIDA | I2: INTEGRANTE QUE APORTA DISCAPACITADO DEBE APORTAR ≥ 40% DE EXPERIENCIA REQUERIDA (SMMLV) | J2: EXPERIENCIA ESPECIFICA CRITERIO 1 LONGITUD ACREDITADA (m) | K2: EXPERIENCIA ESPECIFICA Por lo menos uno (1) de los contratos válidos aportados debe acreditar experiencia general en alguno de estos componentes tales como: cámaras de caída, sifones invertidos, disipadores de energía, entre otras estructuras hidráulicas asociadas con el objeto del proceso de selección. | L2: EXPERIENCIA ESPECIFICA Por lo menos uno (1) de los contratos válidos aportados debe acreditar experiencia general en entibados para construcción de acueductos y/o alcantarillados. | M2: CUMPLIMIENTO ARTICULO 17 LEY 842 DE 2003 | N2: RESUMEN | O2: FORMATO 7B - DISPONIBILIDAD Y CONDICIONES FUNCIONALES DE LA MAQUINARIA DE OBRA
B3: 1 | C3: =+#REF! -> #REF! | D3: =+#REF! -> #REF! | E3: =+#REF! -> #REF! | F3: =+#REF! -> #REF! | G3: =+#REF! -> #REF! | H3: =+#REF! -> #REF! | I3: =+#REF! -> #REF! | J3: =+#REF! -> #REF! | ... L3: =+#REF! -> #REF! | M3: CUMPLE | N3: =+#REF! -> #REF! | O3: =+#REF! -> #REF! | P3: =+#REF! -> #REF! | Q3: =+#REF! -> #REF! | R3: =SUM(O3:Q3) -> #REF!
B4: 2 | C4: =+#REF! -> #REF! | D4: =+#REF! -> #REF! | E4: =+#REF! -> #REF! | F4: =+#REF! -> #REF! | G4: =+#REF! -> #REF! | H4: =+#REF! -> #REF! | I4: =+#REF! -> #REF! | J4: =+#REF! -> #REF! | ... L4: =+#REF! -> #REF! | M4: CUMPLE | N4: =+#REF! -> #REF! | O4: =+#REF! -> #REF! | P4: =+#REF! -> #REF! | Q4: =+#REF! -> #REF! | R4: =SUM(O4:Q4) -> #REF!
B5: 3 | C5: =+#REF! -> #REF! | D5: =+#REF! -> #REF! | E5: =+#REF! -> #REF! | F5: =+#REF! -> #REF! | G5: =+#REF! -> #REF! | H5: =+#REF! -> #REF! | I5: =+#REF! -> #REF! | J5: =+#REF! -> #REF! | ... L5: =+#REF! -> #REF! | M5: CUMPLE | N5: =+#REF! -> #REF! | O5: =+#REF! -> #REF! | P5: =+#REF! -> #REF! | Q5: =+#REF! -> #REF! | R5: =SUM(O5:Q5) -> #REF!
B6: 4 | C6: =+#REF! -> #REF! | D6: =+#REF! -> #REF! | E6: =+#REF! -> #REF! | F6: =+#REF! -> #REF! | G6: =+#REF! -> #REF! | H6: =+#REF! -> #REF! | I6: =+#REF! -> #REF! | J6: =+#REF! -> #REF! | ... L6: =+#REF! -> #REF! | M6: CUMPLE | N6: =+#REF! -> #REF! | O6: =+#REF! -> #REF! | P6: =+#REF! -> #REF! | Q6: =+#REF! -> #REF! | R6: =SUM(O6:Q6) -> #REF!
B7: 5 | C7: =+#REF! -> #REF! | D7: =+#REF! -> #REF! | E7: =+#REF! -> #REF! | F7: =+#REF! -> #REF! | G7: =+#REF! -> #REF! | H7: =+#REF! -> #REF! | I7: =+#REF! -> #REF! | J7: =+#REF! -> #REF! | ... L7: =+#REF! -> #REF! | M7: CUMPLE | N7: =+#REF! -> #REF! | O7: =+#REF! -> #REF! | P7: =+#REF! -> #REF! | Q7: =+#REF! -> #REF! | R7: =SUM(O7:Q7) -> #REF!
B8: 6 | C8: =+#REF! -> #REF! | D8: =+#REF! -> #REF! | E8: =+#REF! -> #REF! | F8: =+#REF! -> #REF! | G8: =+#REF! -> #REF! | H8: =+#REF! -> #REF! | I8: =+#REF! -> #REF! | J8: =+#REF! -> #REF! | ... L8: =+#REF! -> #REF! | M8: CUMPLE | N8: =+#REF! -> #REF! | O8: =+#REF! -> #REF! | P8: =+#REF! -> #REF! | Q8: =+#REF! -> #REF! | R8: =SUM(O8:Q8) -> #REF!
B9: 7 | C9: =+#REF! -> #REF! | D9: =+#REF! -> #REF! | E9: =+#REF! -> #REF! | F9: =+#REF! -> #REF! | G9: =+#REF! -> #REF! | H9: =+#REF! -> #REF! | I9: =+#REF! -> #REF! | J9: =+#REF! -> #REF! | ... L9: =+#REF! -> #REF! | M9: CUMPLE | N9: =+#REF! -> #REF! | O9: =+#REF! -> #REF! | P9: =+#REF! -> #REF! | Q9: =+#REF! -> #REF! | R9: =SUM(O9:Q9) -> #REF!
B10: 8 | C10: =+#REF! -> #REF! | D10: =+#REF! -> #REF! | E10: =+#REF! -> #REF! | F10: =+#REF! -> #REF! | G10: =+#REF! -> #REF! | H10: =+#REF! -> #REF! | I10: =+#REF! -> #REF! | J10: =+#REF! -> #REF! | ... L10: =+#REF! -> #REF! | M10: CUMPLE | N10: =+#REF! -> #REF! | O10: =+#REF! -> #REF! | P10: =+#REF! -> #REF! | Q10: =+#REF! -> #REF! | R10: =SUM(O10:Q10) -> #REF!
B11: 9 | C11: =+#REF! -> #REF! | D11: =+#REF! -> #REF! | E11: =+#REF! -> #REF! | F11: =+#REF! -> #REF! | G11: =+#REF! -> #REF! | H11: =+#REF! -> #REF! | I11: =+#REF! -> #REF! | J11: =+#REF! -> #REF! | ... L11: =+#REF! -> #REF! | M11: CUMPLE | N11: =+#REF! -> #REF! | O11: =+#REF! -> #REF! | P11: =+#REF! -> #REF! | Q11: =+#REF! -> #REF! | R11: =SUM(O11:Q11) -> #REF!
B12: 10 | C12: =+#REF! -> #REF! | D12: =+#REF! -> #REF! | E12: =+#REF! -> #REF! | F12: =+#REF! -> #REF! | G12: =+#REF! -> #REF! | H12: =+#REF! -> #REF! | I12: =+#REF! -> #REF! | J12: =+#REF! -> #REF! | ... L12: =+#REF! -> #REF! | M12: CUMPLE | N12: =+#REF! -> #REF! | O12: =+#REF! -> #REF! | P12: =+#REF! -> #REF! | Q12: =+#REF! -> #REF! | R12: =SUM(O12:Q12) -> #REF!
B13: 11 | C13: =+#REF! -> #REF! | D13: =+#REF! -> #REF! | E13: =+#REF! -> #REF! | F13: =+#REF! -> #REF! | G13: =+#REF! -> #REF! | H13: =+#REF! -> #REF! | I13: =+#REF! -> #REF! | J13: =+#REF! -> #REF! | ... L13: =+#REF! -> #REF! | M13: CUMPLE | N13: =+#REF! -> #REF! | O13: =+#REF! -> #REF! | P13: =+#REF! -> #REF! | Q13: =+#REF! -> #REF! | R13: =SUM(O13:Q13) -> #REF!
B14: 12 | C14: =+#REF! -> #REF! | D14: =+#REF! -> #REF! | E14: =+#REF! -> #REF! | F14: =+#REF! -> #REF! | G14: =+#REF! -> #REF! | H14: =+#REF! -> #REF! | I14: =+#REF! -> #REF! | J14: =+#REF! -> #REF! | ... L14: =+#REF! -> #REF! | M14: CUMPLE | N14: =+#REF! -> #REF! | O14: =+#REF! -> #REF! | P14: =+#REF! -> #REF! | Q14: =+#REF! -> #REF! | R14: =SUM(O14:Q14) -> #REF!
... B16: 14 | C16: =+#REF! -> #REF! | D16: =+#REF! -> #REF! | E16: =+#REF! -> #REF! | F16: =+#REF! -> #REF! | G16: =+#REF! -> #REF! | H16: =+#REF! -> #REF! | I16: =+#REF! -> #REF! | J16: =+#REF! -> #REF! | ... L16: =+#REF! -> #REF! | M16: CUMPLE | N16: =+#REF! -> #REF! | O16: =+#REF! -> #REF! | P16: =+#REF! -> #REF! | Q16: =+#REF! -> #REF! | R16: =SUM(O16:Q16) -> #REF!

Sheet CONSOLIDADO
B2: PROPONENTE | D2: EVALUACION JURIDICA HABILITANTE | F2: EVALUACIÓN TÉCNICA HABILITANTE DEL PROPONENTE | J2: EVALUACIÓN FINANCIERA HABILITANTE | M2: PROUESTA HABILITADA O NO HABILITADA | N2: OBSERVACION | O2: ARTIFICIALMENTE BAJOS | P2: OBSERVACION | Q2: PUNTAJE PRELIMINAR
D3: CAPACIDAD JURIDICA | F3: CAPACIDAD TECNICA | G3: OBSERVACIONES | H3: CAPACIDAD OPERATIVA Residente de Obra | I3: OBSERVACIONES | J3: CAPACIDAD FINANCIERA | K3: CAPACIDAD RESIDUAL | L3: VERIFICACION OFERTA ECONÓMICA
B4: 1 | C4: CONSORCIO CHANCA | D4: CUMPLE | F4: CUMPLE | H4: CUMPLE | J4: CUMPLE | K4: CUMPLE | M4: HABIL | O4: =+'ARTIF-BAJOS'!H4 -> CUMPLE | Q4: =+'factores de puntuacion'!I5+'MEDIA GEOMETRICA'!I4 -> 97.723846
B5: 2 | C5: HURTADO OSORIO ALVARO ANTONIO | D5: CUMPLE | F5: CUMPLE | H5: CUMPLE | J5: CUMPLE | K5: CUMPLE | M5: HABIL | O5: =+'ARTIF-BAJOS'!H5 -> CUMPLE | Q5: =+'factores de puntuacion'!I6+'MEDIA GEOMETRICA'!I5 -> 99.341581
B6: 3 | C6: CONSORCIO DOCE | D6: CUMPLE | F6: CUMPLE | H6: CUMPLE | J6: CUMPLE | K6: CUMPLE | M6: HABIL | O6: =+'ARTIF-BAJOS'!H6 -> CUMPLE | Q6: =+'factores de puntuacion'!I7+'MEDIA GEOMETRICA'!I6 -> 98.718712
B7: 4 | C7: JAIRO IVÁN CASTILLO | D7: CUMPLE | F7: CUMPLE | H7: CUMPLE | J7: CUMPLE | K7: CUMPLE | M7: HABIL | O7: CUMPLE | P7: JUSTIFICO SU OFERTA CON POSIBLE ARTIFICIALMENTE BAJO | Q7: =+'factores de puntuacion'!I8+'MEDIA GEOMETRICA'!I7 -> 99.02117
B8: 5 | C8: CONSORCIO INFRAESTRUCTURA URBANA | D8: CUMPLE | F8: CUMPLE | H8: CUMPE | J8: CUMPLE | K8: CUMPLE | M8: HABIL | O8: =+'ARTIF-BAJOS'!H8 -> CUMPLE | Q8: =+'factores de puntuacion'!I9+'MEDIA GEOMETRICA'!I8 -> 100
B9: 6 | C9: GERMÁN GARCÍA RODRÍGUEZ | D9: NO CUMPLE | E9: NO SUBSANO | F9: NO CUMPLE | G9: NO SUBSANO | H9: NO CUMPLE | I9: NO SUBSANO | J9: CUMPLE | K9: NO CUMPLE | L9: NO SUBSANO | M9: PROPUESTA NO HABIL | O9: =+'ARTIF-BAJOS'!H9 -> CUMPLE | Q9: =+'factores de puntuacion'!I10+'MEDIA GEOMETRICA'!I9 -> 30
B10: 7 | C10: SUESCON | D10: NO CUMPLE | E10: NO SUBSANO | F10: NO CUMPLE | G10: NO SUBSANO | H10: NO CUMPLE | I10: NO SUBSANO | J10: CUMPLE | K10: NO CUMPLE | L10: NO SUBSANO | M10: PROPUESTA NO HABIL | O10: =+'ARTIF-BAJOS'!H10 -> CUMPLE | Q10: =+'factores de puntuacion'!I11+'MEDIA GEOMETRICA'!I10 -> 30

Sheet factores de puntuacion
A2: NOTA: LOS PUNTAJES ASIGNADOS SERÁN OTORGADOS A QUIENES RESULTEN HABILITADOS EN LA EVALUACIÓN FINAL
A3: ORDEN DE ENTREGA Nro. | B3: PROPONENTE U OFERENTE (Persona Natural o Persona Jurídica) | C3: disponibilidda y condiciones funcionales de la maquinaria- FORMATO 7B: del Pliego de Condiciones Definitivo | E3: APOYO A LA INDUSTRIA NACIONAL: COMPROMISO DE ADQUISICION DE BIENES NACIONALES RELEVANTE. -FORMATO 9 | G3: 4.5. EMPRENDIMIENTO Y EMPRESAS DE MUJERES | I3: PUNTAJE TOTAL | J3: OBSERVACIONES
C4: CUMPLE / NO CUMPLE | D4: PUNTUACIÓN MAXIMA 20 | E4: CUMPLE / NO CUMPLE | F4: PUNTUACIÓN MAXIMA 10 | G4: CUMPLE / NO CUMPLE | H4: PUNTAJE MÁXIMA 0.25
A5: 1 | B5: CONSORCIO CHANCA | C5: CUMPLE | D5: 20 | E5: CUMPLE | F5: 10 | G5: CUMPLE | H5: 0.25 | I5: =+D5+F5+H5 -> 30.25
A6: 2 | B6: HURTADO OSORIO ALVARO ANTONIO | C6: CUMPLE | D6: 20 | E6: CUMPLE | F6: 10 | G6: NO CUMPLE | I6: =+D6+F6+H6 -> 30
A7: 3 | B7: CONSORCIO DOCE | C7: CUMPLE | D7: 20 | E7: CUMPLE | F7: 10 | G7: NO CUMPLE | I7: =+D7+F7+H7 -> 30
A8: 4 | B8: JAIRO IVÁN CASTILLO | C8: CUMPLE | D8: 20 | E8: CUMPLE | F8: 10 | G8: NO CUMPLE | I8: =+D8+F8+H8 -> 30
A9: 5 | B9: CONSORCIO INFRAESTRUCTURA URBANA | C9: CUMPLE | D9: 20 | E9: CUMPLE | F9: 10 | G9: CUMPLE | H9: 0.25 | I9: =+D9+F9+H9 -> 30.25
A10: 6 | B10: GERMÁN GARCÍA RODRÍGUEZ | C10: CUMPLE | D10: 20 | E10: CUMPLE | F10: 10 | G10: NO CUMPLE | I10: =+D10+F10+H10 -> 30
A11: 7 | B11: SUESCON | C11: CUMPLE | D11: 20 | E11: CUMPLE | F11: 10 | G11: NO CUMPLE | I11: =+D11+F11+H11 -> 30

Sheet Capacidad Juridica
A1: PROPONENTE | B1: CARTA PRESENTACIÓN - COMPROMISO ANTICORRUPCION | E1: CERTIFICADO DE EXISTENCIA Y REPRESENTACIÓN LEGAL | L1: CONFORMACIÓN CONSORCIAL | U1: CEDULA DE CIUDADANIA | X1: ANTECEDENTES DEL PROPONENTE | AD1: PAZ Y SALVO APORTES SEGURIDAD SOCIAL Y PARAFISCALES | AF1: CERTIFICADO DE INSCRIPCIÓN EN EL REGISTRO UNICO DE PROPONENTES (RUP) | AK1: GARANTIA DE SERIEDAD | AV1: FORMATO 06 MULTAS Y SANCIONES / INHABILIDADES E INCOMPATIBILIDADES | AW1: REQUISITOS PARA PERSONA JURIDICA EXTRANJERA | BD1: APODERADOS | BE1: HABIL / NO HABIL | BF1: OBSERVACIONES
B2: FIRMA LA PERSONA NATURAL | C2: FIRMA EL REPRESENTANTE LEGAL (CONSORIO O PERSONA JURIDICA) | D2: FIRMA DE QUIEN AVALA LA PROPUESTA | E2: PRESENTA | F2: FECHA DE EXPEDICION 60 DIAS CONTADOS DESDE EL MOMENTO DEL CIERRE DEL PROCESO | G2: OBJETO SOCIAL | H2: DURACIÓN DE LA SOCIEDAD | I2: REPRESENTANTE LEGAL | J2: LIMITACIONES AL REPRESENTANTE LEGAL | K2: AUTORIZACIÓN DEL ORGANO SOCIAL | L2: PRESENTA DOCUMENTO DE CONFORMACION | M2: No de participantes | N2: % PARTICIPACIÓN MAYOR A 30 (EXCEPTO MIPYME O EMPRESA DE MUJERES - MÍNIMO 10%) | O2: DURACION POR EL TERMINO FIJADO, Y 1 AÑO MAS | P2: REPRESENTANTE LEGAL | Q2: INTEGRANTES | R2: OBJETO SOCIAL O ACTIVIDAD MERCANTIL RELACIONADA CON EL OBJETO DEL PROCESO VERIFICADO EN EL DOCUMENTO DE REPRESENTACION LEGAL QUE CORRESPONDA | S2: FIRMADO POR RL Y POR INTEGRANTES | T2: IDENTIFICACION DE LOS INTEGRANTES | U2: PERSONA NATURAL | V2: REPRESENTANTE LEGAL PERSONA JURIDICA | W2: AVAL (En caso de que aplique) | X2: FISCALES | Y2: DISCIPLINARIOS | Z2: JUDICIALES | AA2: MEDIDAS CORRECTIVAS | AB2: REDAM | AC2: ANTECEDENTES DE QUIEN AVALA (Cuando aplique) | AD2: PERSONA JURIDICA | AE2: PERSONA NATURAL | AF2: PRESENTA (SI/NO/NA) | AG2: RENOVADO | AH2: FIRMEZA RUP | AI2: SANCIONES-MULTAS CONSIGNADAS EN EL RUP | AJ2: FECHA DE EXPEDICION 60 DIAS CALENDARIO ANTERIORES A LA PRESENTACIÓN DE LA OFERTA | AK2: TOMADOR | AL2: COMPAÑÍA | AM2: PÓLIZA | AN2: VALOR (CUANTIA 10% DEL VALOR DE LA OFERTA) | AO2: RECIBO DE PAGO O CERTIFICACION DE NO REVOCACION POR FALTA DE PAGO | AP2: VIGENCIA INICIAL | AQ2: VIGENCIA FINAL | AR2: CUMPLE CON 3 MESES A PARTIR DE SU PRESENTACION | AS2: BENEFICIARIO DEPARTAMENTO DEL QUINDIO | AT2: ESPECIFICA N° DE RADICADO Y OBJETO | AU2: NOTA EN CASO DE GARANTIA BANCARIA | AW2: DOCUMENTO DE IDENTIFICACION | AX2: CERTIFICADO DE EXISTENCIA Y REPRESENTACION | AY2: EXISTENCIA DE LA REPRESENTACION LEGAL DE LA SUCURSAL | AZ2: OBJETO SOCIAL | BA2: REPRESENTANTE LEGAL | BB2: LIMITACIONES AL REPRESENTANTE LEGAL | BC2: ACREDITACION DE APODERADO DOMICILIADO EN EL PAIS
A3: CONSORCIO CHANCA | B3: N/A | C3: CUMPLE | D3: N/A | E3: N/A | L3: CUMPLE | M3: DOS(2) | N3: SETENTA PORCIENTO (70%) | O3: CUMPLE | P3: JOSE ORLANDO SUAREZ | Q3: JOSE ORLANDO SUAREZ LONDOÑO | R3: N/A | S3: CUMPLE | T3: 18391882 | U3: CUMPLE | V3: N/A | W3: N/A | X3: CUMPLE | Y3: CUMPLE | Z3: CUMPLE | AA3: CUMPLE | AB3: CUMPLE | AC3: N/A | AD3: N/A | AE3: CUMPLE | AF3: CUMPLE | AG3: CUMPLE | AH3: CUMPLE | AI3: NO TIENE | AJ3: CUMPLE | AK3: CONSORCIO CHANCA | AL3: SEGUROS DEL ESTADO S.A. | AM3: 21-44-101453654 | AN3: 46158448 | AO3: CUMPLE | AP3: 45586 | AQ3: 45688 | AR3: CUMPLE CON 3 MESES A PARTIR DE SU PRESENTACION | AS3: CUMPLE | AT3: CUMPLE | AU3: N/A | AV3: CUMPLE | AW3: N/A | BD3: N/A | BE3: HABILITADO | BF3: EL PROPONENTE DENTRO DEL TERMINO DE TRASLADO DEL INFORME DE EVALUACION CUMPLIO CON LOS SIGUIENTES REQUISITOS SEÑALADOS EN EL PLIEGO: *EL NUMERAL 4.1.5 DEL PLIEGO DE CONDICIONES ESTO EN RAZON A QUE EL REPRESENTANTE LEGAL DE PROING S.A.S APORTÓ EL REDAM, * EL NUMERAL 4.1.8 GARANTIA DE SERIEDAD DE LA OFERTA, EN CUANTO APORTÓ LOS EL RESPECTIVO RECIBO DE PAGO O LA CERTIFICACION DE LA ASEGURADORA EN LA QUE CONSTE LA NO REVOCACION DE LA POLIZA.
E4: CUMPLE | F4: CUMPLE | G4: CUMPLE | H4: CUMPLE | I4: MARCO AURELIO SANCHEZ RODRIGUEZ | J4: SIN LIMITACIONES | K4: N/A | N4: TREINTA PORCIENTO (30%) | Q4: PROING S.A.S. | R4: CUMPLE | T4: 901584558-1 | U4: N/A | V4: CUMPLE | X4: CUMPLE | Y4: CUMPLE | Z4: CUMPLE | AA4: CUMPLE | AB4: CUMPLE | AD4: CUMPLE | AE4: N/A | AF4: CUMPLE | AG4: CUMPLE | AH4: CUMPLE | AI4: NO TIENE | AJ4: CUMPLE | AV4: CUMPLE
A5: ALVARO ANTONIO HURTADO OSORIO | B5: CUMPLE | C5: N/A | D5: N/A | E5: N/A | L5: N/A | U5: CUMPLE | V5: N/A | W5: N/A | X5: CUMPLE | Y5: CUMPLE | Z5: CUMPLE | AA5: CUMPLE | AB5: CUMPLE | AC5: N/A | AD5: N/A | AE5: CUMPLE | AF5: CUMPLE | AG5: CUMPLE | AH5: CUMPLE | AI5: NOTIENE | AJ5: CUMPLE | AK5: ALVARO ANTONIO HURTADO OSORIO | AL5: SEGUROS DEL ESTADO S.A.S | AM5: 60-44-101013096 | AN5: 46158447 | AO5: CUMPLE | AP5: 45586 | AQ5: 45688 | AR5: CUMPLE CON 3 MESES A PARTIR DE SU PRESENTACION | AS5: CUMPLE | AT5: CUMPLE | AU5: N/A | AV5: CUMPLE | AW5: N/A | BD5: N/A | BE5: HABILITADO | BF5: ELPROPONENTE DENTRO DEL TERMINO DE TRASLADO DEL INFORME DE EVALUACIÓN APORTO LO SEÑALADO EN EL PLIEGO DE CONDICIONES: EL NUMERAL 4.1.6. REQUISITOS FRENTE AL SISTEMA DE SEGURIDAD SOCIAL Y APORTES PARAFISCALES: (…) , LITERAL A. PUES EL PROPONENTE ALLEGA EL FORMATO REQUERIDO EN EL PLIEGO; EL NUMERAL 4.1.9 NO ENCONTRARSE EN SITUACIONES DE INHABILIDAD E INCOMPATIBILIDAD: EL PROPONENTE RESPONDIO TODOS LOS ITEMS Y/O PREGUNTAS DISPUESTAS POR LA ENTIDAD EN EL RESPECTIVO FORMATO.
A6: CONSORCIO DOCE | B6: N/A | C6: CUMPLE | D6: N/A | E6: N/A | L6: CUMPLE | M6: DOS(2) | N6: CINCUENTA PORCIENTO (50%) | O6: CUMPLE | P6: CUMPLE | Q6: BEATRIZ HENAO CARMONA | R6: N/A | S6: CUMPLE | T6: 41900296 | U6: CUMPLE | V6: N/A | W6: N/A | X6: CUMPLE | Y6: CUMPLE | Z6: CUMPLE | AA6: CUMPLE | AB6: CUMPLE | AC6: N/A | AD6: N/A | AE6: CUMPLE | AF6: CUMPLE | AG6: CUMPLE | AH6: CUMPLE | AI6: NOTIENE | AJ6: CUMPLE | AK6: CONSORCIO DOCE | AL6: SEGUROS MUNDIAL | AM6: CCA-100024446 | AN6: 46158448 | AO6: CUMPLE | AP6: 45583 | AQ6: 45695 | AR6: CUMPLE CON 3 MESES A PARTIR DE SU PRESENTACION | AS6: CUMPLE | AT6: CUMPLE | AU6: N/A | AV6: CUMPLE | AW6: N/A | BD6: N/A | BE6: HABILITADO | BF6: EL PROPONENTE DENTRO DEL TERMINO DE TRASLADO DEL INFORME DE EVALUACIÓN APORTÓ CUMPLE LOS SIGUIENTES REQUISITOS REQUERIDOS EN EL PRIMER INFORME PRELIMINAR QUE CONSISTIAN EN: EL NUMERAL 4.1.5 DEL PLIEGO DE CONDICIONES ESTO EN RAZON A QUE LAS PERSONAS NATURALES CONSORCIADAS APORTARON EL REDAM, EL NUMERAL 4.1.6 LITERAL A. LA CONSORCIADA INGENIERA LUZ EDITH CARDONA ANEXA EL FORMATO DE PAGO DE SEGURIDAD SOCIAL Y APORTA CERTIFICADO DE AFILIACION O LA CORRESPONDIENTE PLANILLA DE PAGO EL NUMERAL 4.1.8 GARANTIA DE SERIEDAD DE LA OFERTA, EN CUANTO SE AGREGO A LOS DOCUMENTOS DE LA OFERTA EL RESPECTIVO RECIBO DE PAGO O LA CERTIFICACION DE LA ASEGURADORA EN LA QUE CONSTE LA NO REVOCACION DE LA POLIZA
N7: CINCUENTA PORCIENTO (50%) | Q7: LUZ EDITH CARDONA MARIN | T7: 24575150 | U7: CUMPLE | V7: N/A | W7: N/A | X7: CUMPLE | Y7: CUMPLE | Z7: CUMPLE | AA7: CUMPLE | AB7: CUMPLE | AD7: N/A | AE7: CUMPLE | AF7: CUMPLE | AG7: CUMPLE | AH7: CUMPLE | AI7: NOTIENE | AJ7: CUMPLE | AV7: CUMPLE
A8: JAIRO IVAN CASTILLO CASTILLO | B8: CUMPLE | C8: N/A | D8: N/A | E8: N/A | L8: N/A | U8: CUMPLE | V8: N/A | W8: N/A | X8: CUMPLE | Y8: CUMPLE | Z8: CUMPLE | AA8: CUMPLE | AB8: CUMPLE | AC8: N/A | AD8: N/A | AE8: CUMPLE | AF8: CUMPLE | AG8: CUMPLE | AH8: CUMPLE | AI8: NO TIENE | AJ8: CUMPLE | AK8: JAIRO IVAN CASTILLO CASTILLO | AL8: SEGUROS DEL ESTADO S.A.S | AM8: 60-44-101013088 | AN8: 46158447 | AO8: CUMPLE | AP8: 45586 | AQ8: 45687 | AR8: CUMPLE CON 3 MESES A PARTIR DE SU PRESENTACION | AS8: CUMPLE | AT8: CUMPLE | AU8: N/A | AV8: CUMPLE | AW8: N/A | BD8: N/A | BE8: HABILITADO | BF8: EL PROPONENTE DENTRO DEL TERMINO DE TRASLADO DEL INFORME DE EVALUACION CUMPLIO CON EL NUMERAL 4.1.6. REQUISITOS FRENTE AL SISTEMA DE SEGURIDAD SOCIAL Y APORTES PARAFISCALES: (…), LITERAL A. PUES EL PROPONENTE NO ALLEGAEL FORMATO REQUERIDO EN EL PLIEGO.
A9: CONSORCIO INFRAESTRUCTURA URBANA | B9: N/A | C9: CUMPLE | D9: N/A | E9: N/A | F9: N/A | G9: N/A | H9: N/A | I9: N/A | J9: N/A | K9: N/A | L9: CUMPLE | M9: TRES | N9: TREINTA PORCIENTO (30%) | O9: CUMPLE | P9: CUMPLE | Q9: CARLOS AUGUSTO RESTREPO SALAZAR | R9: CUMPLE | S9: CUMPLE | T9: 98552707 | U9: CUMPLE | V9: CUMPLE | W9: N/A | X9: CUMPLE | Y9: CUMPLE | Z9: CUMPLE | AA9: CUMPLE | AB9: CUMPLE | AC9: N/A | AD9: N/A | AE9: CUMPLE | AF9: CUMPLE | AG9: CUMPLE | AH9: CUMPLE | AI9: NO TIENE | AJ9: CUMPLE | AK9: CONSORCIO INFRAESTRUC TURA URBANA | AL9: SEGUROS DEL ESTADO S.A.S | AM9: 55-44-101082550 | AN9: 46158447 | AO9: CUMPLE | AP9: 45586 | AQ9: 45693 | AR9: CUMPLE CON 3 MESES A PARTIR DE SU PRESENTACION | AS9: CUMPLE | AT9: CUMPLE | AU9: N/A | AV9: CUMPLE | AW9: N/A | BD9: N/A | BE9: HABILITADO | BF9: EL PROPONENTE DENTRO DEL TERMINO DE TRASLADO DEL INFORME DE EVALUACION CUMPLIO CON EL NUMERAL 4.1.5 DEL PLIEGO DE CONDICIONES ESTO EN RAZON A QUE EL REPRESENTANTE LEGAL DE CALP SAS APORTA EL CERTIFICADO REDAM EL NUMERAL 4.1.8 GARANTIA DE SERIEDAD DE LA OFERTA, AGREGO A LOS DOCUMENTOS DE LA OFERTA EL RESPECTIVO RECIBO DE PAGO O LA CERTIFICACION DE LA ASEGURADORA EN LA QUE CONSTE LA NO REVOCACION DE LA POLIZA
E10: N/A | F10: N/A | G10: N/A | H10: N/A | I10: N/A | J10: N/A | K10: N/A | N10: TREINTA PORCIENTO (30%) | Q10: JUAN CARLOS VILLADA CASTILLO | T10: 7556872 | U10: CUMPLE | V10: N/A | X10: CUMPLE | Y10: CUMPLE | Z10: CUMPLE | AA10: CUMPLE | AB10: CUMPLE | AD10: N/A | AE10: CUMPLE | AF10: CUMPLE | AG10: CUMPLE | AH10: CUMPLE | AI10: NO TIENE | AJ10: CUMPLE | AV10: CUMPLE
E11: CUMPLE | F11: CUMPLE | G11: CUMPLE | H11: CUMPLE | I11: CUMPLE | J11: CUMPLE | K11: CUMPLE | N11: CUARENTA PORCIENTO(40%) | Q11: CALP SAS | T11: 901.404.635-1 | U11: N/A | V11: N/A | X11: CUMPLE | Y11: CUMPLE | Z11: CUMPLE | AA11: CUMPLE | AB11: CUMPLE | AD11: CUMPLE | AE11: N/A | AF11: CUMPLE | AG11: CUMPLE | AH11: CUMPLE | AI11: NO TIENE | AJ11: CUMPLE | AV11: CUMPLE
A12: GERMAN GARCIA RODRIGUEZ | B12: CUMPLE | C12: N/A | D12: N/A | E12: N/A | L12: N/A | U12: CUMPLE | V12: N/A | W12: N/A | X12: CUMPLE | Y12: CUMPLE | Z12: CUMPLE | AA12: CUMPLE | AB12: CUMPLE | AC12: N/A | AD12: N/A | AE12: NO CUMPLE | AF12: CUMPLE | AG12: CUMPLE | AH12: CUMPLE | AI12: NO TIENE | AJ12: CUMPLE | AK12: GERMAN GARCIA RODRIGUEZ | AL12: ASEGURADORA SOLIDARIA DE COLOMBIA | AM12: 580-47-994000088853 | AN12: 46158447 | AO12: NO CUMPLE | AP12: 45586 | AQ12: 45693 | AR12: CUMPLE CON 3 MESES A PARTIR DE SU PRESENTACION | AS12: CUMPLE | AT12: CUMPLE | AU12: N/A | AV12: NO CUMPLE | AW12: N/A | BD12: N/A | BE12: NO HABILITADO | BF12: EL PROPONENTE NO SUBSANO LO REQUERIDO DURANTE EL TERMINO DE TRASLADO DEL INFORME DE EVALUACION, POR LO TANTO Y EN CONCORDANCIA CON LAS REGLAS ESTIPULADAS EN EL PLIEGO DE CONDICIONES EN EL NUMERAL 4.10, SERA RECHAZADO
A15: MARCO JULIO SUESCUN LOZANO | B15: CUMPLE | C15: N/A | D15: N/A | E15: N/A | L15: N/A | U15: CUMPLE | V15: N/A | W15: N/A | X15: CUMPLE | Y15: CUMPLE | Z15: CUMPLE | AA15: CUMPLE | AB15: NO CUMPLE | AC15: N/A | AD15: N/A | AE15: NO CUMPLE | AF15: CUMPLE | AG15: CUMPLE | AH15: CUMPLE | AI15: NO TIENE | AJ15: CUMPLE | AK15: MARCO JULIO SUESCUN LOZANO | AL15: SEGUROS MUNDIAL | AM15: CCA-100024453 | AN15: 46158447 | AO15: CUMPLE | AP15: 45586 | AQ15: 45688 | AR15: CUMPLE CON 3 MESES A PARTIR DE SU PRESENTACION | AS15: CUMPLE | AT15: CUMPLE | AU15: N/A | AV15: NO CUMPLE | AW15: N/A | BD15: N/A | BE15: NO HABILITADO | BF15: EL PROPONENTE NO SUBSANO LO REQUERIDO DURANTE EL TERMINO DE TRASLADO DEL INFORME DE EVALUACION, POR LO TANTO Y EN CONCORDANCIA CON LAS REGLAS ESTIPULADAS EN EL PLIEGO DE CONDICIONES EN EL NUMERAL 4.10, SERA RECHAZADO

Sheet MEDIA GEOMETRICA
A2: Nro. DE PROPONENTE U OFERENTE | B2: Nro. | C2: PROPONENTE U OFERENTE (Persona Natural o Persona Jurídica) | D2: Proponente u Oferente HABIL | E2: VALOR TOTAL OFERTA ECONOMICA PRESENTADA POR EL PROPONENTE | F2: VALOR TOTAL OFERTA ECONOMICA CORRECCIÓN ARITMETICA | I2: PUNTAJE OFERTA ECONOMICA
A4: 1 | B4: 3 | C4: CONSORCIO CHANCA | D4: HÁBIL | E4: 4.5017863e+08 | F4: =+E4 -> 4.5017863e+08 | G4: =1-((ABS($C$18-F4))/$C$18) -> 0.96736697 | H4: =+F4-$C$18 -> 14226442 | I4: =69.75*G4 -> 67.473846 | J4: =F4-$C$18 -> 14226442
A5: 2 | B5: 3 | C5: HURTADO OSORIO ALVARO ANTONIO | D5: HÁBIL | E5: 4.385049e+08 | F5: =+E5 -> 4.385049e+08 | G5: =1-((ABS($C$18-F5))/$C$18) -> 0.99414453 | H5: =+F5-$C$18 -> 2552706.6 | I5: =69.75*G5 -> 69.341581 | J5: =F5-$C$18 -> 2552706.6
A6: 3 | B6: 3 | C6: CONSORCIO DOCE | D6: HÁBIL | E6: 4.4239796e+08 | F6: =+E6 -> 4.4239796e+08 | G6: =1-((ABS($C$18-F6))/$C$18) -> 0.98521452 | H6: =+F6-$C$18 -> 6445764.4 | I6: =69.75*G6 -> 68.718712 | J6: =F6-$C$18 -> 6445764.4
A7: 4 | B7: 3 | C7: JAIRO IVÁN CASTILLO | D7: HÁBIL | E7: 4.3139685e+08 | F7: =+E7 -> 4.3139685e+08 | G7: =1-((ABS($C$18-F7))/$C$18) -> 0.98955083 | H7: =+F7-$C$18 -> -4555339 | I7: =69.75*G7 -> 69.02117 | J7: =F7-$C$18 -> -4555339
A8: 5 | B8: 3 | C8: CONSORCIO INFRAESTRUCTURA URBANA | D8: HÁBIL | E8: 4.3799099e+08 | F8: =+E8 -> 4.3799099e+08 | G8: =1-((ABS($C$18-F8))/$C$18) -> 0.99532335 | H8: =+F8-$C$18 -> 2038796.4 | I8: 69.75 | J8: =F8-$C$18 -> 2038796.4
G9: =SUM(G4:G8) -> 4.9316002
A11: PO | C11: 220434651
A13: DECIMALES TRM | B13: CONCEPTO | C13: MÉTODO
A14: ENTRE 0.00 Y 0.49 | B14: 1 | C14: Media Geométrica
A15: ENTRE 0.50 Y 0.99 | B15: 2 | C15: Media Aritmética Baja
A18: MEDIA GEOMETRICA | C18: =+GEOMEAN(C20:C22) -> 4.3595219e+08
C20: 4.3139685e+08
C21: 4.3799099e+08
C22: 4.385049e+08
E28: FUENTE: ESTUDIOS PREVIOS

Sheet  C. FINANCIERA
A1: ANEXO 1 EVALUACION FINANCIERA PRELIMINAR
A2: SELECCIÓN ABREVIADA DE MENOR CUANTÍA No. SAMC-021-2024
A3: OPTIMIZACIÓN DE REDES DE ALCANTARILLADO EN DIFERENTES SECTORES DEL MUNICIPIO DE CÓRDOBA, DEPARTAMENTO DEL QUINDÍO
E5: 2 | G5: 0.63 | I5: 3 | K5: 0.05 | M5: 0.03
A6: OFERENTE | C6: INFORMACIÓN RUP | D6: VALOR | E6: INDICADOR | O6: CUMPLE/NO CUMPLE
E7: LIQUIDEZ (IL) | G7: ENDEUDAMIENTO (NE) | I7: COBERTURA DE INTERESES (RCI) | K7: RENTABILIDAD DEL PATRIMONIO (RP) | M7: RENTABILIDAD DEL ACTIVO (RSA)
E8: Indicador | F8: Part. | G8: Indicador | H8: Part. | I8: Indicador | J8: Part. | K8: Indicador | L8: Part. | M8: Indicador
A9: CONSORCIO CHANCA | B9: JOSÉ ORLANDO SUAREZ LONDOÑO 70% | C9: Activo Corriente | D9: 1400937350 | E9: =D9/D11 -> 49.503087 | F9: =E9*70% -> 34.652161 | G9: =D12/D10 -> 0.02525383 | H9: =G9*70% -> 0.017677681 | I9: INDETER-MINADO | J9: =I9*70% -> #VALUE! | K9: =D14/D13 -> 0.22636467 | L9: =K9*70% -> 0.15845527 | M9: =D14/D10 -> 0.2206481 | N9: =M9*70% -> 0.15445367 | O9: CUMPLE
C10: Total Activo | D10: 1599757350
C11: Pasivo Corriente | D11: 28300000
C12: Total Pasivo | D12: 40400000
C13: Patrimonio | D13: 1559357350 | R13: Fecha expedición: 15/10/2024 - 14:35:03
C14: Utilidad/pérdida Operacional | D14: 352983413
C15: Gasto de Intereses | D15: 0
B16: PROING MAS S.A.S 30% | C16: Activo Corriente | D16: 49186055 | E16: =D16/D18 -> 2.083699 | F16: =E16*30% -> 0.62510971 | G16: =D19/D17 -> 0.29605153 | H16: =G16*30% -> 0.08881546 | I16: =D21/D22 -> 105.64224 | J16: =I16*30% -> 31.692673 | K16: =D21/D20 -> 0.47430488 | L16: =K16*30% -> 0.14229146 | M16: =D21/D17 -> 0.33388619 | N16: =M16*30% -> 0.10016586
C17: Total Activo | D17: 79733291
C18: Pasivo Corriente | D18: 23605163
C19: Total Pasivo | D19: 23605163 | R19: Fecha expedición: 15/10/2024 - 14:31:46
C20: Patrimonio | D20: 56128128
C21: Utilidad/pérdida Operacional | D21: 26621845
C22: Gasto de Intereses | D22: 252000
B23: TOTAL INDICADOR PROPONENTE | E23: =((D9*70%)+(D16*30%))/((D11*70%)+(D18*30%)) -> 37.015791 | G23: =((D12*70%)+(D19*30%))/((D10*70%)+(D17*30%)) -> 0.030917198 | I23: =((D14*70%)+(D21*30%))/((D15*70%)+(D22*30%)) -> 3374.0072 | K23: =((D14*70%)+(D21*30%))/((D13*70%)+(D20*30%)) -> 0.23013133 | M23: =((D14*70%)+(D21*30%))/((D10*70%)+(D17*30%)) -> 0.22301632
A24: HURTADO OSORIO ALVARO ANTONIO | B24: HURTADO OSORIO ALVARO ANTONIO 100% | C24: Activo Corriente | D24: 5140638931 | E24: =D24/D26 -> 275.4998 | F24: =E24*100% -> 275.4998 | G24: =D27/D25 -> 0.5089941 | H24: =G24*100% -> 0.5089941 | I24: INDETER-MINADO | J24: =I24*100% -> #VALUE! | K24: =D29/D28 -> 0.13319243 | L24: =K24*100% -> 0.13319243 | M24: =D29/D25 -> 0.065398271 | N24: =M24*100% -> 0.065398271 | O24: CUMPLE
C25: Total Activo | D25: 5458697339
C26: Pasivo Corriente | D26: 18659320
C27: Total Pasivo | D27: 2778444740 | R27: Fecha expedición: 17/10/2024 - 14:32:37
C28: Patrimonio | D28: 2680252599
C29: Utilidad/pérdida Operacional | D29: 356989369
C30: Gasto de Intereses | D30: 0
B31: TOTAL INDICADOR PROPONENTE | E31: =((D24*100%))/((D26*100%)) -> 275.4998 | G31: =((D27*100%))/((D25*100%)) -> 0.5089941 | I31: INDERTERMINADO | K31: =((D29*100%))/((D28*100%)) -> 0.13319243 | M31: =((D29*100%))/((D25*100%)) -> 0.065398271
A32: CONSORCIO DOCE | B32: BEATRIZ HENAO CARMONA 50% | C32: Activo Corriente | D32: 822457270 | E32: =D32/D34 -> 246.78089 | F32: =E32*50% -> 123.39044 | G32: =D35/D33 -> 0.049655429 | H32: =G32*50% -> 0.024827714 | I32: =D37/D38 -> 614.47686 | J32: =I32*50% -> 307.23843 | K32: =D37/D36 -> 0.17024551 | L32: =K32*50% -> 0.085122757 | M32: =D37/D33 -> 0.1617919 | N32: =M32*50% -> 0.08089595 | O32: CUMPLE
C33: Total Activo | D33: 927986270
C34: Pasivo Corriente | D34: 3332743
C35: Total Pasivo | D35: 46079556 | R35: Fecha expedición: 17/09/2024 - 08:31:39
C36: Patrimonio | D36: 881906714
C37: Utilidad/pérdida Operacional | D37: 150140661
C38: Gasto de Intereses | D38: 244339
B39: LUZ EDINETH CARDONA MARIN 50% | C39: Activo Corriente | D39: 633876243 | E39: =D39/D41 -> 16.316372 | F39: =E39*50% -> 8.1581861 | G39: =D42/D40 -> 0.11501298 | H39: =G39*50% -> 0.057506488 | I39: =D44/D45 -> 27.979276 | J39: =I39*50% -> 13.989638 | K39: =D44/D43 -> 0.21004932 | L39: =K39*50% -> 0.10502466 | M39: =D44/D40 -> 0.18589092 | N39: =M39*50% -> 0.092945459
C40: Total Activo | D40: 731455243
C41: Pasivo Corriente | D41: 38849092
C42: Total Pasivo | D42: 84126844
C43: Patrimonio | D43: 647328399
C44: Utilidad/pérdida Operacional | D44: 135970887
C45: Gasto de Intereses | D45: 4859700
B46: TOTAL INDICADOR PROPONENTE | E46: =((D32*50%)+(D39*50%))/((D34*50%)+(D41*50%)) -> 34.525134 | G46: =((D35*50%)+(D42*50%))/((D33*50%)+(D40*50%)) -> 0.078463989 | I46: =((D37*50%)+(D44*50%))/((D38*50%)+(D45*50%)) -> 56.055909 | K46: =((D37*50%)+(D44*50%))/((D36*50%)+(D43*50%)) -> 0.18709455 | M46: =((D37*50%)+(D44*50%))/((D33*50%)+(D40*50%)) -> 0.17241436
A47: CASTILLO CASTILLO JAIRO IVAN | B47: CASTILLO CASTILLO JAIRO IVA 100% | C47: Activo Corriente | D47: 593875568 | E47: =D47/D49 -> 2.4024434 | F47: =E47*100% -> 2.4024434 | G47: =D50/D48 -> 0.58321093 | H47: =G47*100% -> 0.58321093 | I47: =D52/D53 -> 26.503985 | J47: =I47*100% -> 26.503985 | K47: =D52/D51 -> 0.36356182 | L47: =K47*100% -> 0.36356182 | M47: =D52/D48 -> 0.15152859 | N47: =M47*100% -> 0.15152859 | O47: CUMPLE
C48: Total Activo | D48: 1369239568
C49: Pasivo Corriente | D49: 247196484
C50: Total Pasivo | D50: 798555480 | R50: Fecha expedición: 21/10/2024 - 08:50:28
C51: Patrimonio | D51: 570684088
C52: Utilidad/pérdida Operacional | D52: 207478946
C53: Gasto de Intereses | D53: 7828217
B54: TOTAL INDICADOR PROPONENTE | E54: =((D47*100%))/((D49*100%)) -> 2.4024434 | G54: =((D50*100%))/((D48*100%)) -> 0.58321093 | I54: =+J47 -> 26.503985 | K54: =((D52*100%))/((D51*100%)) -> 0.36356182 | M54: =((D52*100%))/((D48*100%)) -> 0.15152859
A55: CONSORCIO INFRAESTRUCTURA URBANA | B55: CARLOS AUGUSTO RESTREPO SALAZAR 30% | C55: Activo Corriente | D55: 1254390000 | E55: =D55/D57 -> 290.36806 | F55: =E55*30% -> 87.110417 | G55: =D58/D56 -> 0.03960396 | H55: =G55*30% -> 0.011881188 | I55: =D60/D61 -> 123.36247 | J55: =I55*30% -> 37.008741 | K55: =D60/D59 -> 0.13715677 | L55: =K55*30% -> 0.04114703 | M55: =D60/D56 -> 0.13172481 | N55: =M55*30% -> 0.039517444 | O55: CUMPLE
C56: Total Activo | D56: 1756390000
C57: Pasivo Corriente | D57: 4320000
C58: Total Pasivo | D58: 69560000 | R58: Fecha expedición: 07/10/2024 - 19:14:55
C59: Patrimonio | D59: 1686830000
C60: Utilidad/pérdida Operacional | D60: 231360146
C61: Gasto de Intereses | D61: 1875450
B62: JUAN CARLOS VILLADA CASTILLO 30% | C62: Activo Corriente | D62: 4.036439e+08 | E62: =D62/D64 -> 269.09593 | F62: =E62*30% -> 80.72878 | G62: =D65/D63 -> 0.13151334 | H62: =G62*30% -> 0.039454002 | I62: =D67/D68 -> 601.43049 | J62: =I62*30% -> 180.42915 | K62: =D67/D66 -> 0.82115465 | L62: =K62*30% -> 0.24634639 | M62: =D67/D63 -> 0.71316185 | N62: =M62*30% -> 0.21394856
C63: Total Activo | D63: 6.957469e+08
C64: Pasivo Corriente | D64: 1500000
C65: Total Pasivo | D65: 91500000 | R65: Fecha expedición: 15/10/2024 - 20:16:26
C66: Patrimonio | D66: 6.042469e+08
C67: Utilidad/pérdida Operacional | D67: 4.9618015e+08
C68: Gasto de Intereses | D68: 825000
B69: IC.A.L.P S.A.S 40% | C69: Activo Corriente | D69: 454435246 | E69: =D69/D71 -> 271.79142 | F69: =E69*40% -> 108.71657 | G69: =D72/D70 -> 0.038527716 | H69: =G69*40% -> 0.015411086 | I69: =D74/D75 -> 11.806465 | J69: =I69*40% -> 4.722586 | K69: =D74/D73 -> 0.10380096 | L69: =K69*40% -> 0.041520382 | M69: =D74/D70 -> 0.099801742 | N69: =M69*40% -> 0.039920697
C70: Total Activo | D70: 482293246
C71: Pasivo Corriente | D71: 1672000
C72: Total Pasivo | D72: 18581657
C73: Patrimonio | D73: 463711589
C74: Utilidad/pérdida Operacional | D74: 48133706
C75: Gasto de Intereses | D75: 4076894
B76: TOTAL INDICADOR PROPONENTE | E76: =((D55*30%)+(D62*30%)+(D69*40%))/((D57*30%)+(D64*30%)+(D71*40%)) -> 281.25901 | G76: =((D58*30%)+(D65*30%)+(D72*40%))/((D56*30%)+(D63*30%)+(D70*40%)) -> 0.06004002 | I76: =((D60*30%)+(D67*30%)+(D74*40%))/((D61*30%)+(D68*30%)+(D75*40%)) -> 97.306851 | K76: =((D60*30%)+(D67*30%)+(D74*40%))/((D59*30%)+(D66*30%)+(D73*40%)) -> 0.27212818 | M76: =((D60*30%)+(D67*30%)+(D74*40%))/((D56*30%)+(D63*30%)+(D70*40%)) -> 0.2557896
A77: GARCIA RODRIGUEZ GERMAN | B77: GARCIA RODRIGUEZ GERMAN 100% | C77: Activo Corriente | D77: 746191087 | E77: =D77/D79 -> 120.33399 | F77: =E77*100% -> 120.33399 | G77: =D80/D78 -> 0.0077056104 | H77: =G77*100% -> 0.0077056104 | I77: =D82/D83 -> 118.04209 | J77: =I77*100% -> 118.04209 | K77: =D82/D81 -> 0.22530292 | L77: =K77*100% -> 0.22530292 | M77: =D82/D78 -> 0.22356682 | N77: =M77*100% -> 0.22356682 | O77: CUMPLE
C78: Total Activo | D78: 804738328
C79: Pasivo Corriente | D79: 6201000
C80: Total Pasivo | D80: 6201000 | R80: Fecha expedición: 16/10/2024 - 15:54:33
C81: Patrimonio | D81: 798537328
C82: Utilidad/pérdida Operacional | D82: 179912792
C83: Gasto de Intereses | D83: 1524141
B84: TOTAL INDICADOR PROPONENTE | E84: =((D77*100%))/((D79*100%)) -> 120.33399 | G84: =((D80*100%))/((D78*100%)) -> 0.0077056104 | I84: =((D82*100%))/((D83*100%)) -> 118.04209 | K84: =((D82*100%))/((D81*100%)) -> 0.22530292 | M84: =((D82*100%))/((D78*100%)) -> 0.22356682
A85: SUESCUN LOZANO MARCO JULIO | B85: SUESCUN LOZANO MARCO JULIO 100% | C85: Activo Corriente | D85: 1626301301 | E85: =D85/D87 -> 3.5310375 | F85: =E85*100% -> 3.5310375 | G85: =D88/D86 -> 0.22718538 | H85: =G85*100% -> 0.22718538 | I85: INDETER-MINADO | J85: =I85*100% -> #VALUE! | K85: =D90/D89 -> 0.55440259 | L85: =K85*100% -> 0.55440259 | M85: =D90/D86 -> 0.42845043 | N85: =M85*100% -> 0.42845043 | O85: CUMPLE
C86: Total Activo | D86: 2027301301
C87: Pasivo Corriente | D87: 460573216
C88: Total Pasivo | D88: 460573216 | R88: Fecha expedición: 23/08/2024 - 15:36:48
C89: Patrimonio | D89: 1566728085
C90: Utilidad/pérdida Operacional | D90: 868598113
C91: Gasto de Intereses | D91: 0
B92: TOTAL INDICADOR PROPONENTE | E92: =((D85*100%))/((D87*100%)) -> 3.5310375 | G92: =((D88*100%))/((D86*100%)) -> 0.22718538 | I92: INDERTERMINADO | K92: =((D90*100%))/((D89*100%)) -> 0.55440259 | M92: =((D90*100%))/((D86*100%)) -> 0.42845043

Sheet  C. RESIDUAL
A1: ANEXO CAPACIDAD RESIDUAL
A2: SELECCIÓN ABREVIADA DE MENOR CUANTÍA No. SAMC-021-2024
A3: OPTIMIZACIÓN DE REDES DE ALCANTARILLADO EN DIFERENTES SECTORES DEL MUNICIPIO DE CÓRDOBA, DEPARTAMENTO DEL QUINDÍO
A4: Orden de entrega Nro. | B4: PROPONENTE U OFERENTE (Persona Natural / Persona Juridica o Consorcio) | C4: INFORMACION DE CONTRATOS EN EJECUCION PARA CALCULAR LA CAPACIDAD RESIDUAL / CAPACIDAD TECNICA E INFORMACION FINANCIERA CERTIFICADA POR EL CONTADOR | E4: ESTADO (Cumple/ No Cumple) | F4: OBSERVACIONES:
C5: Capacidad Residual del Proceso de Contratacion (CRPC) | D5: CAPACIDAD RESIDUAL DEL PROPONENTE (CRP)
A6: 1 | B6: CONSORCIO CHANCA | C6: 4.6158447e+08 | D6: 4.14022e+09 | E6: CUMPLE
A7: 2 | B7: HURTADO OSORIO ALVARO ANTONIO | C7: 4.6158447e+08 | D7: 4052140524 | E7: CUMPLE
A8: 3 | B8: CONSORCIO DOCE | C8: 4.6158447e+08 | D8: 1.7387132e+09 | E8: CUMPLE
A9: 4 | B9: JAIRO IVÁN CASTILLO | C9: 4.6158447e+08 | D9: 9.5820857e+08 | E9: CUMPLE
A10: 5 | B10: CONSORCIO INFRAESTRUCTURA URBANA | C10: 4.6158447e+08 | D10: 8.0682612e+09 | E10: CUMPLE
A11: 6 | B11: GERMÁN GARCÍA RODRÍGUEZ | C11: 4.6158447e+08 | E11: RECHAZADO | F11: EL PROPONENTE NO SUBSANO LO REQUERIDO DURANTE EL TERMINO DE TRASLADO DEL INFORME DE EVALUACION, POR LO TANTO Y EN CONCORDANCIA CON LAS REGLAS ESTIPULADAS EN EL PLIEGO DE CONDICIONES EN EL NUMERAL 4.10, SERA RECHAZADO
A12: 7 | B12: SUESCON | C12: 4.6158447e+08 | E12: RECHAZADO | F12: EL PROPONENTE NO SUBSANO LO REQUERIDO DURANTE EL TERMINO DE TRASLADO DEL INFORME DE EVALUACION, POR LO TANTO Y EN CONCORDANCIA CON LAS REGLAS ESTIPULADAS EN EL PLIEGO DE CONDICIONES EN EL NUMERAL 4.10, SERA RECHAZADO

Sheet ARTIF-BAJOS
C1: INFORME FINAL DE EVALUACION PROPUESTA ECONOMICA: SAMC-021-2024
A2: Nro. DE PROPONENTE U OFERENTE | B2: Nro. | C2: PROPONENTE U OFERENTE (Persona Natural o Persona Jurídica) | D2: VALOR TOTAL OFERTA ECONOMICA PRESENTADA POR EL PROPONENTE | E2: VALOR TOTAL OFERTA ECONOMICA CORRECCIÓN ARITMETICA | F2: VALOR TOTAL OFERTA ECONOMICA CORRECCIÓN ARITMETICA | G2: (VALOR OFERTA - PROMEDIO)^2 | H2: ARTIFICIALMENTE BAJOS | I2: OBSERVACIONES
A4: 1 | B4: 1 | C4: CONSORCIO CHANCA | D4: 4.5017863e+08 | E4: =+D4 -> 4.5017863e+08 | F4: =E4/1300000 -> 346.29126 | G4: =(E4-$C$20)^2 -> 6.201411e+13 | H4: =IF(E4<$C$26,"ARTIFICIALMENTE BAJO","CUMPLE") -> CUMPLE
A5: 2 | B5: 2 | C5: HURTADO OSORIO ALVARO ANTONIO | D5: 4.385049e+08 | E5: =+D5 -> 4.385049e+08 | F5: =E5/1300000 -> 337.31146 | G5: =(E5-$C$20)^2 -> 1.443112e+13 | H5: =IF(E5<$C$26,"ARTIFICIALMENTE BAJO","CUMPLE") -> CUMPLE
A6: 3 | B6: 3 | C6: CONSORCIO DOCE | D6: 4.4239796e+08 | E6: =+D6 -> 4.4239796e+08 | F6: =E6/1300000 -> 340.30612 | G6: =(E6-$C$20)^2 -> 8.8786061e+09 | H6: =IF(E6<$C$26,"ARTIFICIALMENTE BAJO","CUMPLE") -> CUMPLE
A7: 4 | B7: 4 | C7: JAIRO IVÁN CASTILLO | D7: 4.3139685e+08 | E7: =+D7 -> 4.3139685e+08 | F7: =E7/1300000 -> 331.84373 | G7: =(E7-$C$20)^2 -> 1.1895997e+14 | H7: =IF(E7<$C$26,"ARTIFICIALMENTE BAJO","CUMPLE") -> ARTIFICIALMENTE BAJO | I7: EL PROPONENTE DENTRO DEL TERMINO DE TRASLADO DEL INFORME DE EVALUACIÓN PRESENTÓ LA JUSTIFICACIÓN REQUERIDA
A8: 5 | B8: 5 | C8: CONSORCIO INFRAESTRUCTURA URBANA | D8: 4.3799099e+08 | E8: =+D8 -> 4.3799099e+08 | F8: =E8/1300000 -> 336.91614 | G8: =(E8-$C$20)^2 -> 1.8599741e+13 | H8: =IF(E8<$C$26,"ARTIFICIALMENTE BAJO","CUMPLE") -> CUMPLE
A9: 6 | B9: 6 | C9: GERMÁN GARCÍA RODRÍGUEZ | D9: 4.4561192e+08 | E9: =+D9 -> 4.4561192e+08 | F9: =E9/1300000 -> 342.7784 | G9: =(E9-$C$20)^2 -> 1.0944115e+13 | H9: =IF(E9<$C$26,"ARTIFICIALMENTE BAJO","CUMPLE") -> CUMPLE
A10: 7 | B10: 7 | C10: SUESCON | D10: 4.5004486e+08 | E10: =+D10 -> 4.5004486e+08 | F10: =E10/1300000 -> 346.18835 | G10: =(E10-$C$20)^2 -> 5.9925109e+13 | H10: =IF(E10<$C$26,"ARTIFICIALMENTE BAJO","CUMPLE") -> CUMPLE
G11: =SUM(G4:G10) -> 2.8488304e+14
A14: TRM | C14: 3,636.26
A17: MEDIANA | C17: =MEDIAN(E4:E10) -> 4.4239796e+08
A18: DESVIACION ESTANDAR EXCEL | C18: =_xlfn.STDEV.P(E4:E10) -> 6379465.3
A20: PROMEDIO | C20: =AVERAGE(E4:E10) -> 4.4230373e+08
A23: DESVIACION ESTANDAR CALCULADA | C23: =SQRT(G11/10) -> 5337443.6
A26: VALOR MINIMO ACEPTABLE | C26: =C17-C18 -> 4.3601849e+08

Sheet E. TECNICA P1
D1: EVALUACION TECNICA
D2: SAMC 021 DE 2024 - OPTIMIZACIÓN DE REDES DE ALCANTARILLADO EN DIFERENTES SECTORES DEL MUNICIPIO DE CÓRDOBA, DEPARTAMENTO DEL QUINDÍO
W5: CRITERIO | X5: PERSONA
W6: CUMPLE | X6: NATURAL
W7: NO CUMPLE | X7: JURIDICA
A8: CRITERIOS GENERALES | K8: VALORES OFICIALES
A9: PROPONENTE : | C9: NOMBRE | E9: CONSORCIO CANCHA | K9: PRESUPUESTO OFICIAL | Q9: 4.6158447e+08 | U9: CUMPLE | W9: CUMPLE | X9: NATURAL
C10: P. NATURAL | E10: P. JURIDICA | G10: PROP. PLURAL | K10: SMMLV 2024 | Q10: 1300000 | U10: NO CUMPLE | W10: NO CUMPLE | X10: JURIDICA
G11: x | K11: PRES. OFICIAL EN SMMLV 2022 | Q11: =+Q9/Q10 -> 355.06498 | U11: NO APLICA
A12: INTEGRANTES: | C12: JOSE ORLANDO SUAREZ LONDOÑO Y MARCO AURELIO SANCHEZ RODRIGUEZ | K12: FECHA DE CIERRE | Q12: 45586 | W12: NOMBRE
A13: REPRESENTANTE LEGAL: | C13: JOSE ORLANDO SUAREZ LONDOÑO | W13: =+A22 -> JOSE ORLANDO SUAREZ LONDOÑO
A14: AVAL | C14: N/A
A15: COPIA TARJETA PROFESIONAL: | C15: CUMPLE
A16: MATRICULA VIGENTE: | C16: CUMPLE
A17: EXPERIENCIA GENERAL : P NATURAL .:Acreditar el título profesional de INGENIERÍA CIVIL, Y/O INGENIERÍA SANITARIA, Y/O INGENIERÍA AMBIENTAL Y SANITARIA, con experiencia profesional de DOS (2) AÑOS contada a partir de la expedición de la tarjeta y/o matrícula profesional del respectivo profesional- P JURIDICA DOS (02) AÑOS, la cual se contará a partir de la fecha de constitución registrada en el Certificado de Existencia y Representación Legal expedido por la Cámara de Comercio y que dentro de su actividad social y comercial comprenda actividades relacionadas en la construcción de infraestructura y/o agua potable y/o saneamiento básico, el representante legal o quien avala su oferta, deberá acreditar ser profesional en INGENIERÍA CIVIL, Y/O INGENIERÍA SANITARIA, Y/O INGENIERÍA AMBIENTAL Y SANITARIA, con experiencia profesional de DOS (2) AÑOS contada a partir de la expedición de la tarjeta y/o matrícula profesional del respectivo profesional,. P PLURAL Para el caso de Consorcios y/o Uniones temporales, si uno o varios de los integrantes son personas naturales, estos deberán de acreditar título profesional de INGENIERÍA CIVIL, Y/O INGENIERÍA SANITARIA, Y/O INGENIERÍA AMBIENTAL Y SANITARIA , con experiencia profesional de DOS (2) AÑOS contada a partir de la expedición de la tarjeta y/o matrícula profesional del respectivo profesional; si uno o varios de los integrantes son personas jurídicas deberá acreditar como mínimo DOS (02) AÑOS de constitución y deberá de cumplir con los mismos requisitos señalados en el literal denominado “Experiencia general para personas jurídicas”; al menos uno de los integrantes deberá acreditar como mínimo DOS (02) AÑOS de experiencia general, sin embargo, deberá de verificar los anteriores numerales para efectos de determinar cómo acreditará la condición de experiencia general. | W17: =+A23 -> PROING SAS
A18: P. NATURAL/ REP. LEGAL/AVAL | C18: RL JOSE ORLANDO SUAREZ LONDOÑO | G18: AÑOS | H18: CUMPLE | W18: =+A24 -> 0
A19: COPIA TARJETA PROFESIONAL: | C19: CUMPLE | W19: =+A25 -> 0
A20: MATRICULA VIGENTE: | C20: CUMPLE
A21: NOMBRE | D21: PROPONENTE | E21: % PARTICIPACION | G21: CEDULA - CERTIFICADO | H21: MATRICULA - OBJETO SOCIAL | I21: AÑOS DE EXPERIENCIA
A22: JOSE ORLANDO SUAREZ LONDOÑO | D22: NATURAL | E22: 0.7 | G22: CUMPLE | H22: CUMPLE | I22: CUMPLE | W22: CONTRATO 1 | Z22: CUMPLE - FORMATO 7B
A23: PROING SAS | D23: JURIDICA | E23: 0.3 | G23: NO CUMPLE | H23: NO CUMPLE | I23: NO CUMPLE | W23: CONTRATO 2 | Z23: NO CUMPLE - FORMATO 7B | AP23: j
W24: CONTRATO 3
W25: CONTRATO 4
W26: CONTRATO 5
A28: EXPERIENCIA ESPECIFICA: Máximo TRES (3) CONTRATOS, cuyo objeto o alcance corresponda a “OPTIMIZACIÓN, Y/O REPOSICIÓN, Y/O CONSTRUCCIÓN, DE: OBRAS DE INFRAESTRUCTURA PARA SANEAMIENTO BASICO” y su sumatoria sea igual o superior al 75% del presupuesto oficial del presente proceso de selección en Salarios Mínimos Mensuales Legales Vigentes, es decir, 266.30 SMMLV vigentes a la fecha de terminación del contrato aportado para acreditar la experiencia específica. Adicionalmente, por lo menos UNO (1) de los CONTRATOS deberá contemplar obligaciones y/o actividades y/o ítems relacionados con el “Suministro e instalación de tubería para alcantarillado con D ≥ a 16" | W28: CONTRATO 6
A29: VALIDACION EXPERIENCIA ESPECIFICA | W29: SUBCONTRATO 1
A30: INFORMACION BASE | E30: CONTRATO 1 | H30: CONTRATO 2 | K30: CONTRATO 3 | N30: CUMPLE/NO CUMPLE | W30: SUBCONTRATO 2
A31: INTEGRANTE QUE APORTA EXPERIENCIA | E31: JOSE ORLANDO SUAREZ LONDOÑO | H31: MARCO AURELIO SANCHEZ RODRIGUEZ | K31: JOSE ORLANDO SUAREZ LONDOÑO | N31: CUMPLE | Q31: =+IF(ISNUMBER(Q36),LOOKUP(Q36,$AB$67:$AB$101,$AC$67:$AC$101),"")
A32: OBJETO Y/O ALCANCE | E32: Construccion alcantarillado pluvial y optimizacion de alcantarillado sanitario en el Barrio el Jardin del Municipio de Uribe Meta | H32: REPOSICION CÁMARA ALCANTARILLADO CORREGIMIENTO DE ROBLEDO, REPOSICIÓN ALCANTARILLADO LA PAZ Y CONSTRUCCION ALCANTARILLADO LA CRISTALINA EN TRUJILLO VALLE DEL CAUCA | K32: Construccion Alcantarillado Urbano, sector La Chama, Municipio de Muzo, Boyaca | W32: SUBCONTRATO 3
A33: % PARTICIPACION EN EL CONTRATO | E33: 1 | H33: 1 | K33: 1 | W33: SUBCONTRATO 4
A34: EQUIVALENCIA DE EXPERIENCIA | E34: N/A | H34: N/A | K34: N/A
A35: VALOR DEL CONTRATO ($) | E35: 598475607 | H35: 298236153 | K35: 61604624 | W35: SUBCONTRATO 5
A36: AÑO DE TERMINACION | E36: 2018 | H36: 2023 | K36: 2009 | W36: SUBCONTRATO 6
A37: VALOR DEL SMMLV EN EL AÑO DE TERMINACION | E37: 781242 | H37: 1116000 | K37: 496900
A38: VALOR DEL CONTRATO EN SMMLV | E38: =+E35/E37 -> 766.05662 | H38: =+H35/H37 -> 267.2367 | K38: =+K35/K37 -> 123.97791 | W38: CRITERIO FINAL
A39: VALOR CERTIFICADO ≥266.30 SMMLV | E39: CUMPLE
A40: CONSECUTIVO RUP | E40: 74 | H40: 112 | K40: 79
A41: VALOR EN SMMLV RUP | E41: 766.06 | H41: 257.1 | K41: 123.97 | V41: =+IF(#REF!="CUMPLE",1,"NC") -> #REF! | W41: =+IF(#REF!="CUMPLE",1,0) -> #REF! | X41: =+IF(V41=W41,1,0) -> #REF! | Z41: CR 1 | AA41: =+IF(#REF!>#REF!,"CUMPLE"," NO CUMPLE ") -> #REF! | AD41: =+IF(#REF!>#REF!,"CUMPLE"," NO CUMPLE ") -> #REF! | AG41: =+IF(#REF!>#REF!,"CUMPLE"," NO CUMPLE ") -> #REF! | AJ41: =+IF(#REF!>#REF!,"CUMPLE"," NO CUMPLE ") -> #REF! | AM41: =+IF(#REF!>#REF!,"CUMPLE"," NO CUMPLE ") -> #REF!
A42: CLASIFICACION UNSPSC | C42: 72141120 | E42: CUMPLE | H42: CUMPLE | K42: CUMPLE | V42: =+IF(#REF!="CUMPLE",1,0) -> #REF!
C43: 72141124 | E43: CUMPLE | H43: CUMPLE | K43: CUMPLE | V43: C. VAL | W43: CONEXIONES REQ | X43: FINAL | AA43: FINAL
A44: CUMPLE/ NO CUMPLE | E44: CUMPLE | H44: CUMPLE | K44: CUMPLE
A45: “Suministro e instalación de tubería para alcantarillado con D ≥ a 16" | E45: NO CUMPLE | H45: NO CUMPLE | K45: CUMPLE
A46: CAPACIDAD OPERATIVA-RESIDENTE DE OBRA | Q46: CUMPLE/NO CUMPLE | W46: 6 | X46: 1.5 | Z46: C5 | AA46: =+IF(#REF!="CUMPLE",1,0) -> #REF!
A47: CRITERIOS | E47: MARCO AURELIO SANCHEZ RODRIGUEZ | Q47: CUMPLE | Z47: C6 | AA47: =+IF(#REF!="CUMPLE",1,0) -> #REF!
A48: PROFESION Ingeniero Civil o Ingeniero sanitario o Ingeniero Ambiental y Sanitario./AÑOS DE EXPERIENCIA GENERAL: 3 AÑOS | E48: CUMPLE - INGENIERO CIVIL Años de experiencia general > 25 años, CUMPLE
A49: FOTOCOPIA DE LA CEDULA | E49: CUMPLE | V49: C. VAL | W49: LONG REQ | X49: FINAL | Z49: TOTAL | AA49: =SUM(AA46:AB47) -> #REF!
A50: FOTOCOPIA DE MATRICULA Y COPNIA | E50: CUMPLE Presenta copia de Tarjeta profesional No. 6320274791QND Presenta certificado copnia No. CVAD-2024-2862175 | V50: =+IF(#REF!="CUMPLE",1,"NC") -> #REF! | W50: =+IF(#REF!="CUMPLE",1,0) -> #REF! | X50: =+IF(V50=W50,1,0) -> #REF!
A51: CARTA DE INTENCION | E51: CUMPLE Presenta carta de compromiso debidamente firmada y con un 100% de dedicacion en la ejecucion.
A52: EXPERIENCIA: Mínimo tres (3) contratos, en donde haya participado y/o prestado sus servicios como como contratista y/o director y/o residente en “OBRAS DE AGUA POTABLE Y/O SANEAMIENTO BÁSICO",
A53: CONTRATOS | E53: CONTRATO 1 | H53: CONTRATO 2 | K53: CONTRATO 3 | N53: CONTRATO 4 | Q53: CONTRATO 5 | R53: OBSERVACION
A54: CONTRATANTE | E54: Municipio de Trujillo, Valle del Cauca | H54: Municipio de Trujillo, Valle del Cauca | K54: EMTULUA, Valle del Cauca | N54: Municipio de Trujillo, Valle del Cauca | Q54: Municipio de Trujillo, Valle del Cauca
A55: OBJETO | E55: Mantenimiento y adecuacion de alcantarillados pluviales, en la cabecera del municipio de Trujillo - Valle del Cauca | H55: Reposicion red de alcantarillado en la calle 1 de Cristo Rey entre la via a Salonia y la via a Venecia corregimiento de Andinapolis, municipio de Trujillo, Valle | K55: Construccion de tanque de compensacion para el sistema de agua potable del corregimiento de la Marina, zona rural del municipio de Tulua, Valle del Cauca | N55: Reposicion de alcantarillado de la calle 1A, 1B y CRA 3 del barrio Los Fundadores, ultima calle sector detrás colegio del corregimiento de Andinapolis y de la calle 5 entre carrera 1A y 2 del corregimiento de Venecia | Q55: Reposicion camara alcantarillado corregimiento de Robledo, reposicion alcantarillado La Cristalina en Trujillo Valle del Cauca.
A56: CARGO / PARTICIPACION | E56: Contratista / 100% | H56: Contratista / 100% | K56: Contratista / 100% | N56: Contratista / 100% | Q56: Contratista / 100%
A57: EXPERIENCIA VALIDA | E57: CUMPLE | H57: CUMPLE | K57: CUMPLE | N57: CUMPLE | Q57: CUMPLE
V58: 5 | W58: =+IF($A$22=Q32,IF(#REF!="CUMPLE",#REF!,0),"") | Y58: =+IF($A$23=Q32,IF(#REF!="CUMPLE",#REF!,0),"") | AA58: =+IF($A$24=Q32,IF(#REF!="CUMPLE",#REF!,0),"") -> #REF! | AC58: =+IF($A$25=Q32,IF(#REF!="CUMPLE",#REF!,0),"") -> #REF! | AE58: =+IF($A$26=Q32,IF(#REF!="CUMPLE",#REF!,0),"") -> #REF!
W59: =+IF(#REF!="CUMPLE",1,"NC") -> #REF! | X59: =IF(ISNUMBER(#REF!),#REF!,"") | Y59: =+IF(W59=1,X59,"") -> #REF!
W60: =+IF(#REF!="CUMPLE",1,"NC") -> #REF! | X60: =IF(ISNUMBER(#REF!),#REF!,"") | Y60: =+IF(W60=1,X60,"") -> #REF!
B61: PROPONENTE:
B63: OBSERVACIONES | W63: =+LOOKUP(Y63,#REF!,#REF!) -> #REF! | Y63: Promoción de Servicios Nacionales o con Trato Nacional
B65: EXPERIENCIA | E65: El proponentE cumple con la experiencia general, segun lo estipulado en el articulo 4.2.1.3, como tambien cumple con la experiencia especifica, según lo estipulado en el articulo 4.3. del pliego de condiciones definitivo SAMC-021-2024
B66: CAPACIDAD OPERATIVO | E66: El oferente SUBSANA lo solicitado en el informe preliminar.
AB67: 1988 | AC67: 25637
AB68: 1989 | AC68: 32560
AB69: 1990 | AC69: 41025
AB70: 1991 | AC70: 51720
AB71: 1992 | AC71: 65190
AB72: 1993 | AC72: 81510
AB73: 1994 | AC73: 98700
AB74: 1995 | AC74: 118934
H75: JORGE ANDRES BONILLA SEPULVEDA | AB75: 1996 | AC75: 142125
H76: Ing. Civil / Esp. Ing. Sanitaria y Ambiental | AB76: 1997 | AC76: 172005
H77: Contratista PDA Quindio | AB77: 1998 | AC77: 203826
H78: EVALUADOR TECNICO | AB78: 1999 | AC78: 236460
AB79: 2000 | AC79: 260100
AB80: 2001 | AC80: 286000
AB81: 2002 | AC81: 309000
AB82: 2003 | AC82: 332000
AB83: 2004 | AC83: 358000
AB84: 2005 | AC84: 381500
AB85: 2006 | AC85: 408000
AB86: 2007 | AC86: 433700
AB87: 2008 | AC87: 461500
AB88: 2009 | AC88: 496900
AB89: 2010 | AC89: 515000
AB90: 2011 | AC90: 535600
... AB101: 2022 | AC101: 1000000

Sheet E. TECNICA P2
D1: EVALUACION TECNICA
D2: SAMC 021 DE 2024 - OPTIMIZACIÓN DE REDES DE ALCANTARILLADO EN DIFERENTES SECTORES DEL MUNICIPIO DE CÓRDOBA, DEPARTAMENTO DEL QUINDÍO
W5: CRITERIO | X5: PERSONA
W6: CUMPLE | X6: NATURAL
W7: NO CUMPLE | X7: JURIDICA
A8: CRITERIOS GENERALES | K8: VALORES OFICIALES
A9: PROPONENTE : | C9: NOMBRE | E9: ALVARO ANTONIO HURTADO OSORIO | K9: PRESUPUESTO OFICIAL | Q9: 4.6158447e+08 | U9: CUMPLE | W9: CUMPLE | X9: NATURAL
C10: P. NATURAL | E10: P. JURIDICA | G10: PROP. PLURAL | K10: SMMLV 2024 | Q10: 1300000 | U10: NO CUMPLE | W10: NO CUMPLE | X10: JURIDICA
C11: X | K11: PRES. OFICIAL EN SMMLV 2022 | Q11: =+Q9/Q10 -> 355.06498 | U11: NO APLICA
A12: INTEGRANTES: | C12: N/A | K12: FECHA DE CIERRE | Q12: 45586 | W12: NOMBRE
A13: REPRESENTANTE LEGAL: | C13: N/A | W13: =+A22 -> ALVARO ANTONIO HURTADO OSORIO
A14: AVAL | C14: N/A
A15: COPIA TARJETA PROFESIONAL: | C15: CUMPLE
A16: MATRICULA VIGENTE: | C16: CUMPLE
A17: EXPERIENCIA GENERAL : P NATURAL .:Acreditar el título profesional de INGENIERÍA CIVIL, Y/O INGENIERÍA SANITARIA, Y/O INGENIERÍA AMBIENTAL Y SANITARIA, con experiencia profesional de DOS (2) AÑOS contada a partir de la expedición de la tarjeta y/o matrícula profesional del respectivo profesional- P JURIDICA DOS (02) AÑOS, la cual se contará a partir de la fecha de constitución registrada en el Certificado de Existencia y Representación Legal expedido por la Cámara de Comercio y que dentro de su actividad social y comercial comprenda actividades relacionadas en la construcción de infraestructura y/o agua potable y/o saneamiento básico, el representante legal o quien avala su oferta, deberá acreditar ser profesional en INGENIERÍA CIVIL, Y/O INGENIERÍA SANITARIA, Y/O INGENIERÍA AMBIENTAL Y SANITARIA, con experiencia profesional de DOS (2) AÑOS contada a partir de la expedición de la tarjeta y/o matrícula profesional del respectivo profesional,. P PLURAL Para el caso de Consorcios y/o Uniones temporales, si uno o varios de los integrantes son personas naturales, estos deberán de acreditar título profesional de INGENIERÍA CIVIL, Y/O INGENIERÍA SANITARIA, Y/O INGENIERÍA AMBIENTAL Y SANITARIA , con experiencia profesional de DOS (2) AÑOS contada a partir de la expedición de la tarjeta y/o matrícula profesional del respectivo profesional; si uno o varios de los integrantes son personas jurídicas deberá acreditar como mínimo DOS (02) AÑOS de constitución y deberá de cumplir con los mismos requisitos señalados en el literal denominado “Experiencia general para personas jurídicas”; al menos uno de los integrantes deberá acreditar como mínimo DOS (02) AÑOS de experiencia general, sin embargo, deberá de verificar los anteriores numerales para efectos de determinar cómo acreditará la condición de experiencia general. | W17: =+A23 -> 0
A18: P. NATURAL/ REP. LEGAL/AVAL | C18: =+E9 -> ALVARO ANTONIO HURTADO OSORIO | G18: AÑOS | H18: CUMPLE | W18: =+A24 -> 0
A19: COPIA TARJETA PROFESIONAL: | C19: CUMPLE | W19: =+A25 -> 0
A20: MATRICULA VIGENTE: | C20: CUMPLE
A21: NOMBRE | D21: PROPONENTE | E21: % PARTICIPACION | G21: CEDULA - CERTIFICADO | H21: MATRICULA - OBJETO SOCIAL | I21: AÑOS DE EXPERIENCIA
A22: =+E9 -> ALVARO ANTONIO HURTADO OSORIO | D22: NATURAL | E22: 1 | G22: CUMPLE | H22: CUMPLE | I22: CUMPLE | W22: CONTRATO 1 | Z22: CUMPLE - FORMATO 7B
W23: CONTRATO 2 | Z23: NO CUMPLE - FORMATO 7B | AP23: j
W24: CONTRATO 3
W25: CONTRATO 4
W26: CONTRATO 5
A28: EXPERIENCIA ESPECIFICA: Máximo TRES (3) CONTRATOS, cuyo objeto o alcance corresponda a “OPTIMIZACIÓN, Y/O REPOSICIÓN, Y/O CONSTRUCCIÓN, DE: OBRAS DE INFRAESTRUCTURA PARA SANEAMIENTO BASICO” y su sumatoria sea igual o superior al 75% del presupuesto oficial del presente proceso de selección en Salarios Mínimos Mensuales Legales Vigentes, es decir, 266.30 SMMLV vigentes a la fecha de terminación del contrato aportado para acreditar la experiencia específica. Adicionalmente, por lo menos UNO (1) de los CONTRATOS deberá contemplar obligaciones y/o actividades y/o ítems relacionados con el “Suministro e instalación de tubería para alcantarillado con D ≥ a 16" | W28: CONTRATO 6
A29: VALIDACION EXPERIENCIA ESPECIFICA | W29: SUBCONTRATO 1
A30: INFORMACION BASE | E30: CONTRATO 1 | H30: CONTRATO 2 | K30: CONTRATO 3 | N30: CUMPLE/NO CUMPLE | W30: SUBCONTRATO 2
A31: INTEGRANTE QUE APORTA EXPERIENCIA | E31: ALVARO ANTONIO HURTADO OSORIO | N31: CUMPLE | Q31: =+IF(ISNUMBER(Q36),LOOKUP(Q36,$AB$67:$AB$101,$AC$67:$AC$101),"")
A32: OBJETO Y/O ALCANCE | E32: Reposicion de redes alcantarillado incluye reposicion de pavimento y andenes y construccion de camaras y cajas | W32: SUBCONTRATO 3
A33: % PARTICIPACION EN EL CONTRATO | E33: 1 | W33: SUBCONTRATO 4
A34: EQUIVALENCIA DE EXPERIENCIA | E34: N/A
A35: VALOR DEL CONTRATO ($) | E35: 1477891386 | W35: SUBCONTRATO 5
A36: AÑO DE TERMINACION | E36: 2002 | W36: SUBCONTRATO 6
A37: VALOR DEL SMMLV EN EL AÑO DE TERMINACION | E37: 309000
A38: VALOR DEL CONTRATO EN SMMLV | E38: =+E35/E37 -> 4782.82 | W38: CRITERIO FINAL
A39: VALOR CERTIFICADO ≥266.30 SMMLV | E39: CUMPLE
A40: CONSECUTIVO RUP | E40: 17
A41: VALOR EN SMMLV RUP | E41: 4782.82 | V41: =+IF(#REF!="CUMPLE",1,"NC") -> #REF! | W41: =+IF(#REF!="CUMPLE",1,0) -> #REF! | X41: =+IF(V41=W41,1,0) -> #REF! | Z41: CR 1 | AA41: =+IF(#REF!>#REF!,"CUMPLE"," NO CUMPLE ") -> #REF! | AD41: =+IF(#REF!>#REF!,"CUMPLE"," NO CUMPLE ") -> #REF! | AG41: =+IF(#REF!>#REF!,"CUMPLE"," NO CUMPLE ") -> #REF! | AJ41: =+IF(#REF!>#REF!,"CUMPLE"," NO CUMPLE ") -> #REF! | AM41: =+IF(#REF!>#REF!,"CUMPLE"," NO CUMPLE ") -> #REF!
A42: CLASIFICACION UNSPSC | C42: 72141120 | E42: CUMPLE | V42: =+IF(#REF!="CUMPLE",1,0) -> #REF!
C43: 72141124 | E43: CUMPLE | V43: C. VAL | W43: CONEXIONES REQ | X43: FINAL | AA43: FINAL
A44: CUMPLE/ NO CUMPLE | E44: CUMPLE
A45: “Suministro e instalación de tubería para alcantarillado con D ≥ a 16" | E45: CUMPLE
A46: CAPACIDAD OPERATIVA-RESIDENTE DE OBRA | Q46: CUMPLE/NO CUMPLE | W46: 6 | X46: 1.5 | Z46: C5 | AA46: =+IF(#REF!="CUMPLE",1,0) -> #REF!
A47: CRITERIOS | E47: =+E9 -> ALVARO ANTONIO HURTADO OSORIO | Q47: CUMPLE | Z47: C6 | AA47: =+IF(#REF!="CUMPLE",1,0) -> #REF!
A48: PROFESION Ingeniero Civil o Ingeniero sanitario o Ingeniero Ambiental y Sanitario./AÑOS DE EXPERIENCIA GENERAL: 3 AÑOS | E48: CUMPLE - INGENIERO CIVIL Años de experiencia general > 40 años, CUMPLE
A49: FOTOCOPIA DE LA CEDULA | E49: CUMPLE | V49: C. VAL | W49: LONG REQ | X49: FINAL | Z49: TOTAL | AA49: =SUM(AA46:AB47) -> #REF!
A50: FOTOCOPIA DE MATRICULA Y COPNIA | E50: CUMPLE Presenta copia de Tarjeta profesional No. 6320213459QND Presenta certificado copnia No. CVAD-2024-2715088 | V50: =+IF(#REF!="CUMPLE",1,"NC") -> #REF! | W50: =+IF(#REF!="CUMPLE",1,0) -> #REF! | X50: =+IF(V50=W50,1,0) -> #REF!
A51: CARTA DE INTENCION | E51: CUMPLE Presenta carta de compromiso debidamente firmada y con un 100% de dedicacion en la ejecucion.
A52: EXPERIENCIA: Mínimo tres (3) contratos, en donde haya participado y/o prestado sus servicios como como contratista y/o director y/o residente en “OBRAS DE AGUA POTABLE Y/O SANEAMIENTO BÁSICO",
A53: CONTRATOS | E53: CONTRATO 1 | H53: CONTRATO 2 | K53: CONTRATO 3 | N53: CONTRATO 4 | Q53: CONTRATO 5 | R53: OBSERVACION
A54: CONTRATANTE | E54: Emcali EICE -ESP | H54: Emcali EICE -ESP | K54: Emcali EICE -ESP
A55: OBJETO | E55: Optimizacion del sistema de drenaje B/Calispo | H55: Reparacion de daños de acueducto en Cali y Yumbo | K55: Reposicion redes de alcantarillado tramos criticos barrios Cañaveralejo y Lleras Camargo
A56: CARGO / PARTICIPACION | E56: Contratista / 100% | H56: Contratista / 100% | K56: Contratista / 100%
A57: EXPERIENCIA VALIDA | E57: CUMPLE | H57: CUMPLE | K57: CUMPLE
V58: 5 | W58: =+IF($A$22=Q32,IF(#REF!="CUMPLE",#REF!,0),"") | Y58: =+IF($A$23=Q32,IF(#REF!="CUMPLE",#REF!,0),"") -> #REF! | AA58: =+IF($A$24=Q32,IF(#REF!="CUMPLE",#REF!,0),"") -> #REF! | AC58: =+IF($A$25=Q32,IF(#REF!="CUMPLE",#REF!,0),"") -> #REF! | AE58: =+IF($A$26=Q32,IF(#REF!="CUMPLE",#REF!,0),"") -> #REF!
W59: =+IF(#REF!="CUMPLE",1,"NC") -> #REF! | X59: =IF(ISNUMBER(#REF!),#REF!,"") | Y59: =+IF(W59=1,X59,"") -> #REF!
W60: =+IF(#REF!="CUMPLE",1,"NC") -> #REF! | X60: =IF(ISNUMBER(#REF!),#REF!,"") | Y60: =+IF(W60=1,X60,"") -> #REF!
B61: PROPONENTE:
B63: OBSERVACIONES | W63: =+LOOKUP(Y63,#REF!,#REF!) -> #REF! | Y63: Promoción de Servicios Nacionales o con Trato Nacional
B65: EXPERIENCIA | E65: El proponentecumple con la experiencia general, segun lo estipulado en el articulo 4.2.1.3, como tambien cumple con la experiencia especifica, según lo estipulado en el articulo 4.3. del pliego de condiciones definitivo SAMC-021-2024
B66: CAPACIDAD OPERATIVO | E66: El oferente SUBSANA lo solicitado en el informe preliminar.
AB67: 1988 | AC67: 25637
AB68: 1989 | AC68: 32560
AB69: 1990 | AC69: 41025
AB70: 1991 | AC70: 51720
AB71: 1992 | AC71: 65190
AB72: 1993 | AC72: 81510
AB73: 1994 | AC73: 98700
AB74: 1995 | AC74: 118934
H75: JORGE ANDRES BONILLA SEPULVEDA | AB75: 1996 | AC75: 142125
H76: Ing. Civil / Esp. Ing. Sanitaria y Ambiental | AB76: 1997 | AC76: 172005
H77: Contratista PDA Quindio | AB77: 1998 | AC77: 203826
H78: EVALUADOR TECNICO | AB78: 1999 | AC78: 236460
AB79: 2000 | AC79: 260100
AB80: 2001 | AC80: 286000
AB81: 2002 | AC81: 309000
AB82: 2003 | AC82: 332000
AB83: 2004 | AC83: 358000
AB84: 2005 | AC84: 381500
AB85: 2006 | AC85: 408000
AB86: 2007 | AC86: 433700
AB87: 2008 | AC87: 461500
AB88: 2009 | AC88: 496900
AB89: 2010 | AC89: 515000
AB90: 2011 | AC90: 535600
... AB101: 2022 | AC101: 1000000

Sheet E. TECNICA P3
D1: EVALUACION TECNICA
D2: SAMC 021 DE 2024 - OPTIMIZACIÓN DE REDES DE ALCANTARILLADO EN DIFERENTES SECTORES DEL MUNICIPIO DE CÓRDOBA, DEPARTAMENTO DEL QUINDÍO
W5: CRITERIO | X5: PERSONA
W6: CUMPLE | X6: NATURAL
W7: NO CUMPLE | X7: JURIDICA
A8: CRITERIOS GENERALES | K8: VALORES OFICIALES
A9: PROPONENTE : | C9: NOMBRE | E9: CONSORCIO DOCE | K9: PRESUPUESTO OFICIAL | Q9: 4.6158447e+08 | U9: CUMPLE | W9: CUMPLE | X9: NATURAL
C10: P. NATURAL | E10: P. JURIDICA | G10: PROP. PLURAL | K10: SMMLV 2024 | Q10: 1300000 | U10: NO CUMPLE | W10: NO CUMPLE | X10: JURIDICA
G11: X | K11: PRES. OFICIAL EN SMMLV 2022 | Q11: =+Q9/Q10 -> 355.06498 | U11: NO APLICA
A12: INTEGRANTES: | C12: BEATRIZ HENAO CARMONA, LUZ EDINETH CARDONA MARIN | K12: FECHA DE CIERRE | Q12: 45586 | W12: NOMBRE
A13: REPRESENTANTE LEGAL: | C13: BEATRIZ HENAO CARMONA | W13: =+A22 -> BEATRIZ HENAO CARMONA
A14: AVAL
A15: COPIA TARJETA PROFESIONAL: | C15: CUMPLE
A16: MATRICULA VIGENTE: | C16: CUMPLE
A17: EXPERIENCIA GENERAL : P NATURAL .:Acreditar el título profesional de INGENIERÍA CIVIL, Y/O INGENIERÍA SANITARIA, Y/O INGENIERÍA AMBIENTAL Y SANITARIA, con experiencia profesional de DOS (2) AÑOS contada a partir de la expedición de la tarjeta y/o matrícula profesional del respectivo profesional- P JURIDICA DOS (02) AÑOS, la cual se contará a partir de la fecha de constitución registrada en el Certificado de Existencia y Representación Legal expedido por la Cámara de Comercio y que dentro de su actividad social y comercial comprenda actividades relacionadas en la construcción de infraestructura y/o agua potable y/o saneamiento básico, el representante legal o quien avala su oferta, deberá acreditar ser profesional en INGENIERÍA CIVIL, Y/O INGENIERÍA SANITARIA, Y/O INGENIERÍA AMBIENTAL Y SANITARIA, con experiencia profesional de DOS (2) AÑOS contada a partir de la expedición de la tarjeta y/o matrícula profesional del respectivo profesional,. P PLURAL Para el caso de Consorcios y/o Uniones temporales, si uno o varios de los integrantes son personas naturales, estos deberán de acreditar título profesional de INGENIERÍA CIVIL, Y/O INGENIERÍA SANITARIA, Y/O INGENIERÍA AMBIENTAL Y SANITARIA , con experiencia profesional de DOS (2) AÑOS contada a partir de la expedición de la tarjeta y/o matrícula profesional del respectivo profesional; si uno o varios de los integrantes son personas jurídicas deberá acreditar como mínimo DOS (02) AÑOS de constitución y deberá de cumplir con los mismos requisitos señalados en el literal denominado “Experiencia general para personas jurídicas”; al menos uno de los integrantes deberá acreditar como mínimo DOS (02) AÑOS de experiencia general, sin embargo, deberá de verificar los anteriores numerales para efectos de determinar cómo acreditará la condición de experiencia general. | W17: =+A23 -> LUZ EDINETH CARDONA MARIN
A18: P. NATURAL/ REP. LEGAL/AVAL | C18: CUMPLE | G18: AÑOS | H18: CUMPLE | W18: =+A24 -> 0
A19: COPIA TARJETA PROFESIONAL: | C19: CUMPLE | W19: =+A25 -> 0
A20: MATRICULA VIGENTE: | C20: CUMPLE
A21: NOMBRE | D21: PROPONENTE | E21: % PARTICIPACION | G21: CEDULA - CERTIFICADO | H21: MATRICULA - OBJETO SOCIAL | I21: AÑOS DE EXPERIENCIA
A22: BEATRIZ HENAO CARMONA | D22: NATURAL | E22: 0.5 | G22: CUMPLE | H22: CUMPLE | I22: CUMPLE | W22: CONTRATO 1 | Z22: CUMPLE - FORMATO 7B
A23: LUZ EDINETH CARDONA MARIN | D23: NATURAL | E23: 0.5 | G23: CUMPLE | H23: CUMPLE | I23: CUMPLE | W23: CONTRATO 2 | Z23: NO CUMPLE - FORMATO 7B | AP23: j
W24: CONTRATO 3
W25: CONTRATO 4
W26: CONTRATO 5
A28: EXPERIENCIA ESPECIFICA: Máximo TRES (3) CONTRATOS, cuyo objeto o alcance corresponda a “OPTIMIZACIÓN, Y/O REPOSICIÓN, Y/O CONSTRUCCIÓN, DE: OBRAS DE INFRAESTRUCTURA PARA SANEAMIENTO BASICO” y su sumatoria sea igual o superior al 75% del presupuesto oficial del presente proceso de selección en Salarios Mínimos Mensuales Legales Vigentes, es decir, 266.30 SMMLV vigentes a la fecha de terminación del contrato aportado para acreditar la experiencia específica. Adicionalmente, por lo menos UNO (1) de los CONTRATOS deberá contemplar obligaciones y/o actividades y/o ítems relacionados con el “Suministro e instalación de tubería para alcantarillado con D ≥ a 16" | W28: CONTRATO 6
A29: VALIDACION EXPERIENCIA ESPECIFICA | W29: SUBCONTRATO 1
A30: INFORMACION BASE | E30: CONTRATO 1 | H30: CONTRATO 2 | K30: CONTRATO 3 | N30: CUMPLE/NO CUMPLE | W30: SUBCONTRATO 2
A31: INTEGRANTE QUE APORTA EXPERIENCIA | E31: BEATRIZ HENAO CARMONA | H31: BEATRIZ HENAO CARMONA | K31: LUZ EDINETH CARDONA MARIN | N31: CUMPLE | Q31: =+IF(ISNUMBER(Q36),LOOKUP(Q36,$AB$67:$AB$101,$AC$67:$AC$101),"")
A32: OBJETO Y/O ALCANCE | E32: REPOSICION DE ALCANTARILLADO CALLE 15 N CARRERAS 12 Y 13 ARMENIA | H32: CONSTRUCCION DE RED DE ALCANTARILLADO PUNTOS CRITICOS CALARCA | K32: CONSTRUCCION DE RED ALCANTARILLADO BARRIO FUNDADORES | W32: SUBCONTRATO 3
A33: % PARTICIPACION EN EL CONTRATO | E33: 1 | H33: 0.5 | K33: 0.34 | W33: SUBCONTRATO 4
A34: EQUIVALENCIA DE EXPERIENCIA
A35: VALOR DEL CONTRATO ($) | E35: 40950498 | H35: 103196388 | K35: 27547401 | W35: SUBCONTRATO 5
A36: AÑO DE TERMINACION | E36: 2006 | H36: 2004 | K36: 2006 | W36: SUBCONTRATO 6
A37: VALOR DEL SMMLV EN EL AÑO DE TERMINACION | E37: =+IF(ISNUMBER(E36),LOOKUP(E36,$AB$67:$AB$101,$AC$67:$AC$101),"") -> 408000 | H37: =+IF(ISNUMBER(H36),LOOKUP(H36,$AB$67:$AB$101,$AC$67:$AC$101),"") -> 358000 | K37: =+IF(ISNUMBER(K36),LOOKUP(K36,$AB$67:$AB$101,$AC$67:$AC$101),"") -> 408000
A38: VALOR DEL CONTRATO EN SMMLV | E38: =+IF(ISBLANK(E36),0,E35/E37) -> 100.36887 | H38: =+IF(ISBLANK(H36),0,H35/H37) -> 288.25807 | K38: =+IF(ISBLANK(K36),0,K35/K37) -> 67.51814 | W38: CRITERIO FINAL
A39: VALOR CERTIFICADO ≥266.30 SMMLV | E39: CUMPLE | Q39: =E33*E38+H33*H38+K33*K38 -> 267.45407
A40: CONSECUTIVO RUP | E40: 31 | H40: 59 | K40: 13
A41: VALOR EN SMMLV RUP | E41: 100 | H41: 288.25 | K41: 67.51 | V41: =+IF(#REF!="CUMPLE",1,"NC") -> #REF! | W41: =+IF(#REF!="CUMPLE",1,0) -> #REF! | X41: =+IF(V41=W41,1,0) -> #REF! | Z41: CR 1 | AA41: =+IF(#REF!>#REF!,"CUMPLE"," NO CUMPLE ") -> #REF! | AD41: =+IF(#REF!>#REF!,"CUMPLE"," NO CUMPLE ") -> #REF! | AG41: =+IF(#REF!>#REF!,"CUMPLE"," NO CUMPLE ") -> #REF! | AJ41: =+IF(#REF!>#REF!,"CUMPLE"," NO CUMPLE ") -> #REF! | AM41: =+IF(#REF!>#REF!,"CUMPLE"," NO CUMPLE ") -> #REF!
A42: CLASIFICACION UNSPSC | C42: 72141120 | E42: CUMPLE | H42: CUMPLE | K42: CUMPLE | V42: =+IF(#REF!="CUMPLE",1,0) -> #REF!
C43: 72141124 | E43: CUMPLE | H43: CUMPLE | K43: CUMPLE | V43: C. VAL | W43: CONEXIONES REQ | X43: FINAL | AA43: FINAL
A44: CUMPLE/ NO CUMPLE | E44: CUMPLE | H44: CUMPLE | K44: CUMPLE
A45: “Suministro e instalación de tubería para alcantarillado con D ≥ a 16" | E45: CUMPLE | H45: CUMPLE
A46: CAPACIDAD OPERATIVA-RESIDENTE DE OBRA | Q46: CUMPLE/NO CUMPLE | W46: 6 | X46: 1.5 | Z46: C5 | AA46: =+IF(#REF!="CUMPLE",1,0) -> #REF!
A47: CRITERIOS | Q47: CUMPLE | Z47: C6 | AA47: =+IF(#REF!="CUMPLE",1,0) -> #REF!
A48: PROFESION Ingeniero Civil o Ingeniero sanitario o Ingeniero Ambiental y Sanitario./AÑOS DE EXPERIENCIA GENERAL: 3 AÑOS | E48: CUMPLE
A49: FOTOCOPIA DE LA CEDULA | E49: CUMPLE | V49: C. VAL | W49: LONG REQ | X49: FINAL | Z49: TOTAL | AA49: =SUM(AA46:AB47) -> #REF!
A50: FOTOCOPIA DE MATRICULA Y COPNIA | E50: CUMPLE | V50: =+IF(#REF!="CUMPLE",1,"NC") -> #REF! | W50: =+IF(#REF!="CUMPLE",1,0) -> #REF! | X50: =+IF(V50=W50,1,0) -> #REF!
A51: CARTA DE INTENCION | E51: CUMPLE
A52: EXPERIENCIA: Mínimo tres (3) contratos, en donde haya participado y/o prestado sus servicios como como contratista y/o director y/o residente en “OBRAS DE AGUA POTABLE Y/O SANEAMIENTO BÁSICO",
A53: CONTRATOS | E53: CONTRATO 1 | H53: CONTRATO 2 | K53: CONTRATO 3 | N53: CONTRATO 4 | Q53: CONTRATO 5 | R53: OBSERVACION
A54: CONTRATANTE | E54: EMPRESA MULTIPROPOSITO CALARCÁ S.A. ESP | H54: EMPRESAS PÚBLICAS DE ARMENIA ESP | K54: EMPRESAS PÚBLICAS DEL QUINDÍO - EPQ S.A. E.S.P. | N54: EMPRESA MULTIPROPOSITO CALARCÁ S.A. ESP
A55: OBJETO | E55: CONSTRUCCIÓN RED ALCANTARILLADO COMBINADO BARRIO FUNDADORES TRAMO 3 CALLE 8a ENTRE CARRERAS 9 Y 9a Y CARRERA 9 ENTRE CALLES 8 Y 8a EN EL CORREGIMIENTO DE BARCELONA MUNICIPIO DE CALARCÁ QUINDÍO | H55: REALIZAR LAS OBRAS REQUERIDAS PARA LA REPOSICIÓN DE REDES DE ACUEDUCTO LINEA EXPRESA CISNEROS, EN LA CIUDAD DE ARMENIA | K55: OPTIMIZACIÓN DE REDES DE ACUEDUCTO Y ALCANTARILLADO Y REPOSICIÓN DE PAVIMENTO CALLE 18 ENTRE CARRERAS 8 Y 9, EN EL MUNICIPIO DE MONTENEGRO | N55: ATENCIÓN PUNTOS CRÍTICOS REDES DE ALCANTARILLADO EN DIFENRETES SECTORES DEL MUNICIPIO DE CALARCÁ QUINDÍO
A56: CARGO / PARTICIPACION | E56: CONTRATISTA | H56: CONTRATISTA | K56: CONTRATISTA | N56: CONTRATISTA
A57: EXPERIENCIA VALIDA | E57: CUMPLE | H57: CUMPLE | K57: CUMPLE | N57: CUMPLE
V58: 5 | W58: =+IF($A$22=Q32,IF(#REF!="CUMPLE",#REF!,0),"") | Y58: =+IF($A$23=Q32,IF(#REF!="CUMPLE",#REF!,0),"") | AA58: =+IF($A$24=Q32,IF(#REF!="CUMPLE",#REF!,0),"") -> #REF! | AC58: =+IF($A$25=Q32,IF(#REF!="CUMPLE",#REF!,0),"") -> #REF! | AE58: =+IF($A$26=Q32,IF(#REF!="CUMPLE",#REF!,0),"") -> #REF!
W59: =+IF(#REF!="CUMPLE",1,"NC") -> #REF! | X59: =IF(ISNUMBER(#REF!),#REF!,"") | Y59: =+IF(W59=1,X59,"") -> #REF!
W60: =+IF(#REF!="CUMPLE",1,"NC") -> #REF! | X60: =IF(ISNUMBER(#REF!),#REF!,"") | Y60: =+IF(W60=1,X60,"") -> #REF!
B61: PROPONENTE:
B63: OBSERVACIONES | W63: =+LOOKUP(Y63,#REF!,#REF!) -> #REF! | Y63: Promoción de Servicios Nacionales o con Trato Nacional
B65: EXPERIENCIA | E65: El proponentecumple con la experiencia general, segun lo estipulado en el articulo 4.2.1.3, como tambien cumple con la experiencia especifica, según lo estipulado en el articulo 4.3. del pliego de condiciones definitivo SAMC-021-2024
B66: CAPACIDAD OPERATIVO | E66: El ingeniero aportado como residente cumple los requisitos para participar como ingeniero residente, según lo estipulado en el articulo 4.5.1 personal minimo requerido, del pliego de condiciones definitivo SAMC-021-2024.
AB67: 1988 | AC67: 25637
AB68: 1989 | AC68: 32560
AB69: 1990 | AC69: 41025
AB70: 1991 | AC70: 51720
AB71: 1992 | AC71: 65190
AB72: 1993 | AC72: 81510
AB73: 1994 | AC73: 98700
AB74: 1995 | AC74: 118934
B75: MAURICIO ANDRES DIAZ BAHAMON | AB75: 1996 | AC75: 142125
B76: EVALUADOR TECNICO | AB76: 1997 | AC76: 172005
AB77: 1998 | AC77: 203826
AB78: 1999 | AC78: 236460
AB79: 2000 | AC79: 260100
AB80: 2001 | AC80: 286000
AB81: 2002 | AC81: 309000
AB82: 2003 | AC82: 332000
AB83: 2004 | AC83: 358000
AB84: 2005 | AC84: 381500
AB85: 2006 | AC85: 408000
AB86: 2007 | AC86: 433700
AB87: 2008 | AC87: 461500
AB88: 2009 | AC88: 496900
... AB101: 2022 | AC101: 1000000

Sheet E. TECNICA P4
D1: EVALUACION TECNICA
D2: SAMC 021 DE 2024 - OPTIMIZACIÓN DE REDES DE ALCANTARILLADO EN DIFERENTES SECTORES DEL MUNICIPIO DE CÓRDOBA, DEPARTAMENTO DEL QUINDÍO
W5: CRITERIO | X5: PERSONA
W6: CUMPLE | X6: NATURAL
W7: NO CUMPLE | X7: JURIDICA
A8: CRITERIOS GENERALES | K8: VALORES OFICIALES
A9: PROPONENTE : | C9: NOMBRE | E9: JAIRO IVÁN CASTILLO CASTILLO | K9: PRESUPUESTO OFICIAL | Q9: 4.6158447e+08 | U9: CUMPLE | W9: CUMPLE | X9: NATURAL
C10: P. NATURAL | E10: P. JURIDICA | G10: PROP. PLURAL | K10: SMMLV 2024 | Q10: 1300000 | U10: NO CUMPLE | W10: NO CUMPLE | X10: JURIDICA
C11: X | K11: PRES. OFICIAL EN SMMLV 2022 | Q11: =+Q9/Q10 -> 355.06498 | U11: NO APLICA
A12: INTEGRANTES: | C12: JAIRO IVÁN CASTILLO CASTILLO | K12: FECHA DE CIERRE | Q12: 45586 | W12: NOMBRE
A13: REPRESENTANTE LEGAL: | W13: =+A22 -> JAIRO IVÁN CASTILLO CASTILLO
A14: AVAL
A15: COPIA TARJETA PROFESIONAL: | C15: CUMPLE
A16: MATRICULA VIGENTE: | C16: CUMPLE
A17: EXPERIENCIA GENERAL : P NATURAL .:Acreditar el título profesional de INGENIERÍA CIVIL, Y/O INGENIERÍA SANITARIA, Y/O INGENIERÍA AMBIENTAL Y SANITARIA, con experiencia profesional de DOS (2) AÑOS contada a partir de la expedición de la tarjeta y/o matrícula profesional del respectivo profesional- P JURIDICA DOS (02) AÑOS, la cual se contará a partir de la fecha de constitución registrada en el Certificado de Existencia y Representación Legal expedido por la Cámara de Comercio y que dentro de su actividad social y comercial comprenda actividades relacionadas en la construcción de infraestructura y/o agua potable y/o saneamiento básico, el representante legal o quien avala su oferta, deberá acreditar ser profesional en INGENIERÍA CIVIL, Y/O INGENIERÍA SANITARIA, Y/O INGENIERÍA AMBIENTAL Y SANITARIA, con experiencia profesional de DOS (2) AÑOS contada a partir de la expedición de la tarjeta y/o matrícula profesional del respectivo profesional,. P PLURAL Para el caso de Consorcios y/o Uniones temporales, si uno o varios de los integrantes son personas naturales, estos deberán de acreditar título profesional de INGENIERÍA CIVIL, Y/O INGENIERÍA SANITARIA, Y/O INGENIERÍA AMBIENTAL Y SANITARIA , con experiencia profesional de DOS (2) AÑOS contada a partir de la expedición de la tarjeta y/o matrícula profesional del respectivo profesional; si uno o varios de los integrantes son personas jurídicas deberá acreditar como mínimo DOS (02) AÑOS de constitución y deberá de cumplir con los mismos requisitos señalados en el literal denominado “Experiencia general para personas jurídicas”; al menos uno de los integrantes deberá acreditar como mínimo DOS (02) AÑOS de experiencia general, sin embargo, deberá de verificar los anteriores numerales para efectos de determinar cómo acreditará la condición de experiencia general. | W17: =+A23 -> 0
A18: P. NATURAL/ REP. LEGAL/AVAL | C18: CUMPLE | G18: AÑOS | H18: CUMPLE | W18: =+A24 -> 0
A19: COPIA TARJETA PROFESIONAL: | C19: CUMPLE | W19: =+A25 -> 0
A20: MATRICULA VIGENTE: | C20: CUMPLE
A21: NOMBRE | D21: PROPONENTE | E21: % PARTICIPACION | G21: CEDULA - CERTIFICADO | H21: MATRICULA - OBJETO SOCIAL | I21: AÑOS DE EXPERIENCIA
A22: JAIRO IVÁN CASTILLO CASTILLO | D22: NATURAL | E22: 1 | G22: CUMPLE | H22: CUMPLE | I22: CUMPLE | W22: CONTRATO 1 | Z22: CUMPLE - FORMATO 7B
W23: CONTRATO 2 | Z23: NO CUMPLE - FORMATO 7B | AP23: j
W24: CONTRATO 3
W25: CONTRATO 4
W26: CONTRATO 5
A28: EXPERIENCIA ESPECIFICA: Máximo TRES (3) CONTRATOS, cuyo objeto o alcance corresponda a “OPTIMIZACIÓN, Y/O REPOSICIÓN, Y/O CONSTRUCCIÓN, DE: OBRAS DE INFRAESTRUCTURA PARA SANEAMIENTO BASICO” y su sumatoria sea igual o superior al 75% del presupuesto oficial del presente proceso de selección en Salarios Mínimos Mensuales Legales Vigentes, es decir, 266.30 SMMLV vigentes a la fecha de terminación del contrato aportado para acreditar la experiencia específica. Adicionalmente, por lo menos UNO (1) de los CONTRATOS deberá contemplar obligaciones y/o actividades y/o ítems relacionados con el “Suministro e instalación de tubería para alcantarillado con D ≥ a 16" | W28: CONTRATO 6
A29: VALIDACION EXPERIENCIA ESPECIFICA | W29: SUBCONTRATO 1
A30: INFORMACION BASE | E30: CONTRATO 1 | H30: CONTRATO 2 | K30: CONTRATO 3 | N30: CUMPLE/NO CUMPLE | W30: SUBCONTRATO 2
A31: INTEGRANTE QUE APORTA EXPERIENCIA | E31: JAIRO IVÁN CASTILLO CASTILLO | H31: JAIRO IVÁN CASTILLO CASTILLO | N31: CUMPLE | Q31: =+IF(ISNUMBER(Q36),LOOKUP(Q36,$AB$67:$AB$101,$AC$67:$AC$101),"")
A32: OBJETO Y/O ALCANCE | E32: CONSTRUCCIÓN Y REHABILITACIÓN DE ALCANTARILLADO PARA CAPTACIÓN Y ALIVIO DE AGUAS DE ESCORRENTIA REHABILITACIÓN RED DE ACUEDUCTO EN EL CENTRO DE ARMENIA | H32: INTERVENCIÓN DE LAS REDES DE ALCANTARILLADO EN DIFERENTES SITIOS DE LA CIUDAD DE ARMENIA | W32: SUBCONTRATO 3
A33: % PARTICIPACION EN EL CONTRATO | E33: 1 | H33: 1 | W33: SUBCONTRATO 4
A34: EQUIVALENCIA DE EXPERIENCIA
A35: VALOR DEL CONTRATO ($) | E35: 796209956 | H35: 935051739 | W35: SUBCONTRATO 5
A36: AÑO DE TERMINACION | E36: 2020 | H36: 2018 | W36: SUBCONTRATO 6
A37: VALOR DEL SMMLV EN EL AÑO DE TERMINACION | E37: =+IF(ISNUMBER(E36),LOOKUP(E36,$AB$67:$AB$101,$AC$67:$AC$101),"") -> 877803 | H37: =+IF(ISNUMBER(H36),LOOKUP(H36,$AB$67:$AB$101,$AC$67:$AC$101),"") -> 781242
A38: VALOR DEL CONTRATO EN SMMLV | E38: =+IF(ISBLANK(E36),0,E35/E37) -> 907.04857 | H38: =+IF(ISBLANK(H36),0,H35/H37) -> 1196.8785 | W38: CRITERIO FINAL
A39: VALOR CERTIFICADO ≥266.30 SMMLV | E39: CUMPLE | Q39: =E33*E38+H33*H38+K33*K38 -> 2103.9271
A40: CONSECUTIVO RUP | E40: 59 | H40: 49
A41: VALOR EN SMMLV RUP | E41: 907.15 | H41: 1196.87 | V41: =+IF(#REF!="CUMPLE",1,"NC") -> #REF! | W41: =+IF(#REF!="CUMPLE",1,0) -> #REF! | X41: =+IF(V41=W41,1,0) -> #REF! | Z41: CR 1 | AA41: =+IF(#REF!>#REF!,"CUMPLE"," NO CUMPLE ") -> #REF! | AD41: =+IF(#REF!>#REF!,"CUMPLE"," NO CUMPLE ") -> #REF! | AG41: =+IF(#REF!>#REF!,"CUMPLE"," NO CUMPLE ") -> #REF! | AJ41: =+IF(#REF!>#REF!,"CUMPLE"," NO CUMPLE ") -> #REF! | AM41: =+IF(#REF!>#REF!,"CUMPLE"," NO CUMPLE ") -> #REF!
A42: CLASIFICACION UNSPSC | C42: 72141120 | E42: CUMPLE | H42: CUMPLE | V42: =+IF(#REF!="CUMPLE",1,0) -> #REF!
C43: 72141124 | E43: CUMPLE | H43: CUMPLE | V43: C. VAL | W43: CONEXIONES REQ | X43: FINAL | AA43: FINAL
A44: CUMPLE/ NO CUMPLE | E44: CUMPLE | H44: CUMPLE
A45: “Suministro e instalación de tubería para alcantarillado con D ≥ a 16" | E45: CUMPLE | H45: CUMPLE
A46: CAPACIDAD OPERATIVA-RESIDENTE DE OBRA | Q46: CUMPLE/NO CUMPLE | W46: 6 | X46: 1.5 | Z46: C5 | AA46: =+IF(#REF!="CUMPLE",1,0) -> #REF!
A47: CRITERIOS | Q47: NO CUMPLE | Z47: C6 | AA47: =+IF(#REF!="CUMPLE",1,0) -> #REF!
A48: PROFESION Ingeniero Civil o Ingeniero sanitario o Ingeniero Ambiental y Sanitario./AÑOS DE EXPERIENCIA GENERAL: 3 AÑOS | E48: CUMPLE
A49: FOTOCOPIA DE LA CEDULA | E49: CUMPLE | V49: C. VAL | W49: LONG REQ | X49: FINAL | Z49: TOTAL | AA49: =SUM(AA46:AB47) -> #REF!
A50: FOTOCOPIA DE MATRICULA Y COPNIA | E50: CUMPLE | V50: =+IF(#REF!="CUMPLE",1,"NC") -> #REF! | W50: =+IF(#REF!="CUMPLE",1,0) -> #REF! | X50: =+IF(V50=W50,1,0) -> #REF!
A51: CARTA DE INTENCION | E51: CUMPLE
A52: EXPERIENCIA: Mínimo tres (3) contratos, en donde haya participado y/o prestado sus servicios como como contratista y/o director y/o residente en “OBRAS DE AGUA POTABLE Y/O SANEAMIENTO BÁSICO",
A53: CONTRATOS | E53: CONTRATO 1 | H53: CONTRATO 2 | K53: CONTRATO 3 | N53: CONTRATO 4 | Q53: CONTRATO 5 | R53: OBSERVACION
A54: CONTRATANTE | E54: EMPRESAS PÚBLICAS DE ARMENIA ESP | H54: EMPRESAS PÚBLICAS DE ARMENIA ESP | K54: EMPRESAS PÚBLICAS DEL QUINDÍO - EPQ S.A. E.S.P.
A55: OBJETO | E55: REPOSICIÓN PARCIAL RED DE ALCANTARILLADO BARRIO VILLA LILIANA ARMENIA, QUINDÍO | H55: REPOSICIÓN ALCANTARILLADO EN EL BARRIO VILLA CAROLINA | K55: OPTIMIZACION REDES DE ACUEDUCTO EN DI FERENTES PUNTOS DEL MUNICIPIO DE CIRCASIA, CONSTRUCCION ACUEDUCTO EN EL BARRIO VILLA MARLEN EN LAS MANZANAS 1 ,3,4 Y 8, EN EL MUNICIPIO DE MONTENEGRO, REFORZAMIENTO ESTRUCTURAL E IZADA DE VIADUCTO METALICO ACUEDUCTO POR GRAVEDAD NUEVO DEL MUNICIPIO DE MONTENEGRO, OPTIMIZACION DE ALCANTARILLADO EN DIFERENTES PUNTOS DEL MUNICIPIO DE MONTENEGRO, DEPARTAMENTO DEL QUINDIO
A56: CARGO / PARTICIPACION | E56: CONTRATISTA | H56: CONTRATISTA | K56: CONTRATISTA
A57: EXPERIENCIA VALIDA | E57: CUMPLE | H57: CUMPLE | K57: CUMPLE
V58: 5 | W58: =+IF($A$22=Q32,IF(#REF!="CUMPLE",#REF!,0),"") | Y58: =+IF($A$23=Q32,IF(#REF!="CUMPLE",#REF!,0),"") -> #REF! | AA58: =+IF($A$24=Q32,IF(#REF!="CUMPLE",#REF!,0),"") -> #REF! | AC58: =+IF($A$25=Q32,IF(#REF!="CUMPLE",#REF!,0),"") -> #REF! | AE58: =+IF($A$26=Q32,IF(#REF!="CUMPLE",#REF!,0),"") -> #REF!
W59: =+IF(#REF!="CUMPLE",1,"NC") -> #REF! | X59: =IF(ISNUMBER(#REF!),#REF!,"") | Y59: =+IF(W59=1,X59,"") -> #REF!
W60: =+IF(#REF!="CUMPLE",1,"NC") -> #REF! | X60: =IF(ISNUMBER(#REF!),#REF!,"") | Y60: =+IF(W60=1,X60,"") -> #REF!
B61: PROPONENTE:
B63: OBSERVACIONES | W63: =+LOOKUP(Y63,#REF!,#REF!) -> #REF! | Y63: Promoción de Servicios Nacionales o con Trato Nacional
B65: EXPERIENCIA | E65: El proponente cumple con la experiencia general, segun lo estipulado en el articulo 4.2.1.3, como tambien cumple con la experiencia especifica, según lo estipulado en el articulo 4.3. del pliego de condiciones definitivo SAMC-021-2024
B66: CAPACIDAD OPERATIVO | E66: El contratista subsano aportando la copia de la matricula profesional y copnia del profesional aportado como residente acorde a lo establecido en el numeral 4.5.1 del pliego de condiciones. El contratista subsano con la entrega de la carta de compromiso de personal minimo requerido donde indica que se hace bajo la gravedad de juramento, como se indica en el numeral 4.5.1 del pliego de condicionesSUBSANAR
AB67: 1988 | AC67: 25637
AB68: 1989 | AC68: 32560
AB69: 1990 | AC69: 41025
AB70: 1991 | AC70: 51720
AB71: 1992 | AC71: 65190
AB72: 1993 | AC72: 81510
AB73: 1994 | AC73: 98700
AB74: 1995 | AC74: 118934
B75: MAURICIO ANDRES DIAZ BAHAMON | AB75: 1996 | AC75: 142125
B76: EVALUADOR TECNICO | AB76: 1997 | AC76: 172005
AB77: 1998 | AC77: 203826
AB78: 1999 | AC78: 236460
AB79: 2000 | AC79: 260100
AB80: 2001 | AC80: 286000
AB81: 2002 | AC81: 309000
AB82: 2003 | AC82: 332000
AB83: 2004 | AC83: 358000
AB84: 2005 | AC84: 381500
AB85: 2006 | AC85: 408000
AB86: 2007 | AC86: 433700
AB87: 2008 | AC87: 461500
AB88: 2009 | AC88: 496900
... AB101: 2022 | AC101: 1000000

Sheet E. TECNICA P5
D1: EVALUACION TECNICA
D2: SAMC 021 DE 2024 - OPTIMIZACIÓN DE REDES DE ALCANTARILLADO EN DIFERENTES SECTORES DEL MUNICIPIO DE CÓRDOBA, DEPARTAMENTO DEL QUINDÍO
W5: CRITERIO | X5: PERSONA
W6: CUMPLE | X6: NATURAL
W7: NO CUMPLE | X7: JURIDICA
A8: CRITERIOS GENERALES | K8: VALORES OFICIALES
A9: PROPONENTE : | C9: NOMBRE | E9: CONSORCIO INFRAESTRUCTURA URBANA | K9: PRESUPUESTO OFICIAL | Q9: 4.6158447e+08 | U9: CUMPLE | W9: CUMPLE | X9: NATURAL
C10: P. NATURAL | E10: P. JURIDICA | G10: PROP. PLURAL | K10: SMMLV 2024 | Q10: 1300000 | U10: NO CUMPLE | W10: NO CUMPLE | X10: JURIDICA
G11: X | K11: PRES. OFICIAL EN SMMLV 2022 | Q11: =+Q9/Q10 -> 355.06498 | U11: NO APLICA
A12: INTEGRANTES: | C12: CARLOS AUGUSTO RESTREPO SALAZAR/JUAN CARLOS VILLADA CASTILLO/C.A.L.P S.A.S | K12: FECHA DE CIERRE | Q12: 45586 | W12: NOMBRE
A13: REPRESENTANTE LEGAL: | C13: CARLOS AUGUSTO RESTREPO SALAZAR | W13: =+A22 -> CARLOS AUGUSTO RESTREPO SALAZAR
A14: AVAL
A15: COPIA TARJETA PROFESIONAL: | C15: CUMPLE
A16: MATRICULA VIGENTE: | C16: CUMPLE
A17: EXPERIENCIA GENERAL : P NATURAL .:Acreditar el título profesional de INGENIERÍA CIVIL, Y/O INGENIERÍA SANITARIA, Y/O INGENIERÍA AMBIENTAL Y SANITARIA, con experiencia profesional de DOS (2) AÑOS contada a partir de la expedición de la tarjeta y/o matrícula profesional del respectivo profesional- P JURIDICA DOS (02) AÑOS, la cual se contará a partir de la fecha de constitución registrada en el Certificado de Existencia y Representación Legal expedido por la Cámara de Comercio y que dentro de su actividad social y comercial comprenda actividades relacionadas en la construcción de infraestructura y/o agua potable y/o saneamiento básico, el representante legal o quien avala su oferta, deberá acreditar ser profesional en INGENIERÍA CIVIL, Y/O INGENIERÍA SANITARIA, Y/O INGENIERÍA AMBIENTAL Y SANITARIA, con experiencia profesional de DOS (2) AÑOS contada a partir de la expedición de la tarjeta y/o matrícula profesional del respectivo profesional,. P PLURAL Para el caso de Consorcios y/o Uniones temporales, si uno o varios de los integrantes son personas naturales, estos deberán de acreditar título profesional de INGENIERÍA CIVIL, Y/O INGENIERÍA SANITARIA, Y/O INGENIERÍA AMBIENTAL Y SANITARIA , con experiencia profesional de DOS (2) AÑOS contada a partir de la expedición de la tarjeta y/o matrícula profesional del respectivo profesional; si uno o varios de los integrantes son personas jurídicas deberá acreditar como mínimo DOS (02) AÑOS de constitución y deberá de cumplir con los mismos requisitos señalados en el literal denominado “Experiencia general para personas jurídicas”; al menos uno de los integrantes deberá acreditar como mínimo DOS (02) AÑOS de experiencia general, sin embargo, deberá de verificar los anteriores numerales para efectos de determinar cómo acreditará la condición de experiencia general. | W17: =+A23 -> JUAN CARLOS VILLADA CASTILLO
A18: P. NATURAL/ REP. LEGAL/AVAL | C18: CARLOS AUGUSTO RESTREPO SALAZAR | G18: AÑOS | H18: CUMPLE | W18: =+A24 -> C.A.L.P S.A.S
A19: COPIA TARJETA PROFESIONAL: | C19: CUMPLE | W19: =+A25 -> 0
A20: MATRICULA VIGENTE: | C20: CUMPLE
A21: NOMBRE | D21: PROPONENTE | E21: % PARTICIPACION | G21: CEDULA - CERTIFICADO | H21: MATRICULA - OBJETO SOCIAL | I21: AÑOS DE EXPERIENCIA
A22: CARLOS AUGUSTO RESTREPO SALAZAR | D22: NATURAL | E22: 0.3 | G22: CUMPLE | H22: CUMPLE | I22: CUMPLE | W22: CONTRATO 1 | Z22: CUMPLE - FORMATO 7B
A23: JUAN CARLOS VILLADA CASTILLO | D23: NATURAL | E23: 0.3 | G23: CUMPLE | H23: CUMPLE | I23: CUMPLE | W23: CONTRATO 2 | Z23: NO CUMPLE - FORMATO 7B | AP23: j
A24: C.A.L.P S.A.S | D24: JURIDICA | E24: 0.4 | G24: CUMPLE | H24: CUMPLE | I24: CUMPLE | W24: CONTRATO 3
W25: CONTRATO 4
W26: CONTRATO 5
A28: EXPERIENCIA ESPECIFICA: Máximo TRES (3) CONTRATOS, cuyo objeto o alcance corresponda a “OPTIMIZACIÓN, Y/O REPOSICIÓN, Y/O CONSTRUCCIÓN, DE: OBRAS DE INFRAESTRUCTURA PARA SANEAMIENTO BASICO” y su sumatoria sea igual o superior al 75% del presupuesto oficial del presente proceso de selección en Salarios Mínimos Mensuales Legales Vigentes, es decir, 266.30 SMMLV vigentes a la fecha de terminación del contrato aportado para acreditar la experiencia específica. Adicionalmente, por lo menos UNO (1) de los CONTRATOS deberá contemplar obligaciones y/o actividades y/o ítems relacionados con el “Suministro e instalación de tubería para alcantarillado con D ≥ a 16" | W28: CONTRATO 6
A29: VALIDACION EXPERIENCIA ESPECIFICA | W29: SUBCONTRATO 1
A30: INFORMACION BASE | E30: CONTRATO 1 | H30: CONTRATO 2 | K30: CONTRATO 3 | N30: CUMPLE/NO CUMPLE | W30: SUBCONTRATO 2
A31: INTEGRANTE QUE APORTA EXPERIENCIA | E31: CARLOS AUGUSTO RESTREPO SALAZAR | H31: JUAN CARLOS VILLADA CASTILLO | K31: C.A.L.P S.A.S | N31: CUMPLE | Q31: =+IF(ISNUMBER(Q36),LOOKUP(Q36,$AB$67:$AB$101,$AC$67:$AC$101),"")
A32: OBJETO Y/O ALCANCE | E32: CONSTRUCCION PLANTA DE TRATAMIENTO DE AGUAS RESIDUALES DOMESTICAS Y COLECTORES CORREGIMIENTO DE LAS MERCEDES, MUNICIPIO DE PUERTO TRIUNFO | H32: CONSTRUCCION ALCANTARILLADO VEREDA ATENAS Y PILAS DEL CABUYAL | K32: CONSTRUCCION ALCANTARILLADO DE LA CARRERA 17 CON CALLE 26 | W32: SUBCONTRATO 3
A33: % PARTICIPACION EN EL CONTRATO | E33: 0.75 | H33: 0.3 | K33: 1 | W33: SUBCONTRATO 4
A34: EQUIVALENCIA DE EXPERIENCIA
A35: VALOR DEL CONTRATO ($) | E35: 1006888718 | H35: 1625909405 | K35: 1574480 | W35: SUBCONTRATO 5
A36: AÑO DE TERMINACION | E36: 2009 | H36: 2020 | K36: 1986 | W36: SUBCONTRATO 6
A37: VALOR DEL SMMLV EN EL AÑO DE TERMINACION | E37: 496900 | H37: 877803 | K37: 16811
A38: VALOR DEL CONTRATO EN SMMLV | E38: =+E35/E37 -> 2026.3407 | H38: =+H35/H37 -> 1852.2486 | K38: =+K35/K37 -> 93.657724 | W38: CRITERIO FINAL
A39: VALOR CERTIFICADO ≥266.30 SMMLV | E39: CUMPLE
A40: CONSECUTIVO RUP | E40: 22 | H40: 86 (92) | K40: 35
A41: VALOR EN SMMLV RUP | E41: 2026.34 | H41: 1852.24 | K41: 93.65 | V41: =+IF(#REF!="CUMPLE",1,"NC") -> #REF! | W41: =+IF(#REF!="CUMPLE",1,0) -> #REF! | X41: =+IF(V41=W41,1,0) -> #REF! | Z41: CR 1 | AA41: =+IF(#REF!>#REF!,"CUMPLE"," NO CUMPLE ") -> #REF! | AD41: =+IF(#REF!>#REF!,"CUMPLE"," NO CUMPLE ") -> #REF! | AG41: =+IF(#REF!>#REF!,"CUMPLE"," NO CUMPLE ") -> #REF! | AJ41: =+IF(#REF!>#REF!,"CUMPLE"," NO CUMPLE ") -> #REF! | AM41: =+IF(#REF!>#REF!,"CUMPLE"," NO CUMPLE ") -> #REF!
A42: CLASIFICACION UNSPSC | C42: 72141120 | E42: CUMPLE | H42: CUMPLE | K42: CUMPLE | V42: =+IF(#REF!="CUMPLE",1,0) -> #REF!
C43: 72141124 | E43: CUMPLE | H43: CUMPLE | K43: CUMPLE | V43: C. VAL | W43: CONEXIONES REQ | X43: FINAL | AA43: FINAL
A44: CUMPLE/ NO CUMPLE | E44: CUMPLE | H44: CUMPLE | K44: CUMPLE
A45: “Suministro e instalación de tubería para alcantarillado con D ≥ a 16" | E45: CUMPLE
A46: CAPACIDAD OPERATIVA-RESIDENTE DE OBRA | Q46: CUMPLE/NO CUMPLE | W46: 6 | X46: 1.5 | Z46: C5 | AA46: =+IF(#REF!="CUMPLE",1,0) -> #REF!
A47: CRITERIOS | Q47: CUMPLE | Z47: C6 | AA47: =+IF(#REF!="CUMPLE",1,0) -> #REF!
A48: PROFESION Ingeniero Civil o Ingeniero sanitario o Ingeniero Ambiental y Sanitario./AÑOS DE EXPERIENCIA GENERAL: 3 AÑOS | E48: JUAN CARLOS VILLADA CASTILLO, Ingeniero Civil; 29 años+10 meses experiencia Gral;
A49: FOTOCOPIA DE LA CEDULA | E49: CUMPLE | V49: C. VAL | W49: LONG REQ | X49: FINAL | Z49: TOTAL | AA49: =SUM(AA46:AB47) -> #REF!
A50: FOTOCOPIA DE MATRICULA Y COPNIA | E50: CUMPLE | V50: =+IF(#REF!="CUMPLE",1,"NC") -> #REF! | W50: =+IF(#REF!="CUMPLE",1,0) -> #REF! | X50: =+IF(V50=W50,1,0) -> #REF!
A51: CARTA DE INTENCION | E51: CUMPLE.
A52: EXPERIENCIA: Mínimo tres (3) contratos, en donde haya participado y/o prestado sus servicios como como contratista y/o director y/o residente en “OBRAS DE AGUA POTABLE Y/O SANEAMIENTO BÁSICO",
A53: CONTRATOS | E53: CONTRATO 1 | H53: CONTRATO 2 | K53: CONTRATO 3 | N53: CONTRATO 4 | Q53: CONTRATO 5 | R53: OBSERVACION
A54: CONTRATANTE | E54: EMPRESAS PUBLICAS DE ARMENIA ESP | H54: EMPRESAS PUBLICAS DE ARMENIA ESP | K54: EMPRESA DE ACUEDCUTO Y ALCANTARILLA DE DE PEREIRA SA ESP | N54: ADMINISTRADORA PUBLICA COOPERATIVA DE MUNICIPIOS Y ENTIDADES ESTATALES "COMENTE" | Q54: EMPRESAS PUBLICAS DE ARMENIA ESP
A55: OBJETO | E55: Realizar las obras requeridas en la construcción de un acueducto barrio Belén manzanas A, B, C, E, I, F de la ciudad de Armenia | H55: Reposición red de acueducto, Barrio El Paraíso, manzanas H,F,D,I,B, y C. | K55: Obras civiles para la optimizacion red de alcantarillado Carrera 10 calle 37 hasta empalmnar camara a canalizacion Egoyá | N55: REPOSICION Y OPTIMIZACION DE REDES DE ALCANTARILLLADO COMBINADO, MUNICIPIO DE MONTENEGRO DEPARTAMENTO DEL QUINDIO | Q55: REALIZAR LAS OBRAS REQUERIDAS PARA LA REPOSICION DE ALCANTARILLADO SANITARIO DESCOLE FINAL EN EL BARRIO SANTANDER A LA MIRANDA
A56: CARGO / PARTICIPACION | E56: Contratista | H56: Contratista | K56: Contratista | N56: Asistencia Tecnica | Q56: Contratista
A57: EXPERIENCIA VALIDA | E57: CUMPLE | H57: CUMPLE | K57: CUMPLE | N57: NO CUMPLE | Q57: CUMPLE
V58: 5 | W58: =+IF($A$22=Q32,IF(#REF!="CUMPLE",#REF!,0),"") | Y58: =+IF($A$23=Q32,IF(#REF!="CUMPLE",#REF!,0),"") | AA58: =+IF($A$24=Q32,IF(#REF!="CUMPLE",#REF!,0),"") | AC58: =+IF($A$25=Q32,IF(#REF!="CUMPLE",#REF!,0),"") -> #REF! | AE58: =+IF($A$26=Q32,IF(#REF!="CUMPLE",#REF!,0),"") -> #REF!
W59: =+IF(#REF!="CUMPLE",1,"NC") -> #REF! | X59: =IF(ISNUMBER(#REF!),#REF!,"") | Y59: =+IF(W59=1,X59,"") -> #REF!
W60: =+IF(#REF!="CUMPLE",1,"NC") -> #REF! | X60: =IF(ISNUMBER(#REF!),#REF!,"") | Y60: =+IF(W60=1,X60,"") -> #REF!
B61: PROPONENTE:
B63: OBSERVACIONES | W63: =+LOOKUP(Y63,#REF!,#REF!) -> #REF! | Y63: Promoción de Servicios Nacionales o con Trato Nacional
B65: EXPERIENCIA | E65: El proponentecumple con la experiencia general, segun lo estipulado en el articulo 4.2.1.3, como tambien cumple con la experiencia especifica, según lo estipulado en el articulo 4.3. del pliego de condiciones definitivo SAMC-021-2024
B66: CAPACIDAD OPERATIVO | E66: El oferente SUBSANA lo solicitado en el informe preliminar.
AB67: 1988 | AC67: 25637
AB68: 1989 | AC68: 32560
AB69: 1990 | AC69: 41025
AB70: 1991 | AC70: 51720
AB71: 1992 | AC71: 65190
AB72: 1993 | AC72: 81510
AB73: 1994 | AC73: 98700
AB74: 1995 | AC74: 118934
H75: XXXX | AB75: 1996 | AC75: 142125
H76: EVALUADOR TECNICO | AB76: 1997 | AC76: 172005
AB77: 1998 | AC77: 203826
AB78: 1999 | AC78: 236460
AB79: 2000 | AC79: 260100
AB80: 2001 | AC80: 286000
AB81: 2002 | AC81: 309000
AB82: 2003 | AC82: 332000
AB83: 2004 | AC83: 358000
AB84: 2005 | AC84: 381500
AB85: 2006 | AC85: 408000
AB86: 2007 | AC86: 433700
AB87: 2008 | AC87: 461500
AB88: 2009 | AC88: 496900
... AB101: 2022 | AC101: 1000000

Sheet E. TECNICA P6
D1: EVALUACION TECNICA
D2: SAMC 021 DE 2024 - OPTIMIZACIÓN DE REDES DE ALCANTARILLADO EN DIFERENTES SECTORES DEL MUNICIPIO DE CÓRDOBA, DEPARTAMENTO DEL QUINDÍO
W5: CRITERIO | X5: PERSONA
W6: CUMPLE | X6: NATURAL
W7: NO CUMPLE | X7: JURIDICA
A8: CRITERIOS GENERALES | K8: VALORES OFICIALES
A9: PROPONENTE : | C9: NOMBRE | E9: GERMAN GARCIA RODRIGUEZ, | K9: PRESUPUESTO OFICIAL | Q9: 4.6158447e+08 | U9: CUMPLE | W9: CUMPLE | X9: NATURAL
C10: P. NATURAL | E10: P. JURIDICA | G10: PROP. PLURAL | K10: SMMLV 2024 | Q10: 1300000 | U10: NO CUMPLE | W10: NO CUMPLE | X10: JURIDICA
C11: x | K11: PRES. OFICIAL EN SMMLV 2022 | Q11: =+Q9/Q10 -> 355.06498 | U11: NO APLICA
A12: INTEGRANTES: | K12: FECHA DE CIERRE | Q12: 45586 | W12: NOMBRE
A13: REPRESENTANTE LEGAL: | W13: =+A22 -> 0
A14: AVAL
A15: COPIA TARJETA PROFESIONAL: | C15: CUMPLE
A16: MATRICULA VIGENTE: | C16: CUMPLE
A17: EXPERIENCIA GENERAL : P NATURAL .:Acreditar el título profesional de INGENIERÍA CIVIL, Y/O INGENIERÍA SANITARIA, Y/O INGENIERÍA AMBIENTAL Y SANITARIA, con experiencia profesional de DOS (2) AÑOS contada a partir de la expedición de la tarjeta y/o matrícula profesional del respectivo profesional- P JURIDICA DOS (02) AÑOS, la cual se contará a partir de la fecha de constitución registrada en el Certificado de Existencia y Representación Legal expedido por la Cámara de Comercio y que dentro de su actividad social y comercial comprenda actividades relacionadas en la construcción de infraestructura y/o agua potable y/o saneamiento básico, el representante legal o quien avala su oferta, deberá acreditar ser profesional en INGENIERÍA CIVIL, Y/O INGENIERÍA SANITARIA, Y/O INGENIERÍA AMBIENTAL Y SANITARIA, con experiencia profesional de DOS (2) AÑOS contada a partir de la expedición de la tarjeta y/o matrícula profesional del respectivo profesional,. P PLURAL Para el caso de Consorcios y/o Uniones temporales, si uno o varios de los integrantes son personas naturales, estos deberán de acreditar título profesional de INGENIERÍA CIVIL, Y/O INGENIERÍA SANITARIA, Y/O INGENIERÍA AMBIENTAL Y SANITARIA , con experiencia profesional de DOS (2) AÑOS contada a partir de la expedición de la tarjeta y/o matrícula profesional del respectivo profesional; si uno o varios de los integrantes son personas jurídicas deberá acreditar como mínimo DOS (02) AÑOS de constitución y deberá de cumplir con los mismos requisitos señalados en el literal denominado “Experiencia general para personas jurídicas”; al menos uno de los integrantes deberá acreditar como mínimo DOS (02) AÑOS de experiencia general, sin embargo, deberá de verificar los anteriores numerales para efectos de determinar cómo acreditará la condición de experiencia general. | W17: =+A23 -> 0
A18: P. NATURAL/ REP. LEGAL/AVAL | C18: GERMAN GARCIA RODRIGUEZ | G18: AÑOS | H18: CUMPLE | W18: =+A24 -> 0
A19: COPIA TARJETA PROFESIONAL: | C19: CUMPLE | W19: =+A25 -> 0
A20: MATRICULA VIGENTE: | C20: CUMPLE
A21: NOMBRE | D21: PROPONENTE | E21: % PARTICIPACION | G21: CEDULA - CERTIFICADO | H21: MATRICULA - OBJETO SOCIAL | I21: AÑOS DE EXPERIENCIA
W22: CONTRATO 1 | Z22: CUMPLE - FORMATO 7B
W23: CONTRATO 2 | Z23: NO CUMPLE - FORMATO 7B | AP23: j
W24: CONTRATO 3
W25: CONTRATO 4
W26: CONTRATO 5
A28: EXPERIENCIA ESPECIFICA: Máximo TRES (3) CONTRATOS, cuyo objeto o alcance corresponda a “OPTIMIZACIÓN, Y/O REPOSICIÓN, Y/O CONSTRUCCIÓN, DE: OBRAS DE INFRAESTRUCTURA PARA SANEAMIENTO BASICO” y su sumatoria sea igual o superior al 75% del presupuesto oficial del presente proceso de selección en Salarios Mínimos Mensuales Legales Vigentes, es decir, 266.30 SMMLV vigentes a la fecha de terminación del contrato aportado para acreditar la experiencia específica. Adicionalmente, por lo menos UNO (1) de los CONTRATOS deberá contemplar obligaciones y/o actividades y/o ítems relacionados con el “Suministro e instalación de tubería para alcantarillado con D ≥ a 16" | W28: CONTRATO 6
A29: VALIDACION EXPERIENCIA ESPECIFICA | W29: SUBCONTRATO 1
A30: INFORMACION BASE | E30: CONTRATO 1 | H30: CONTRATO 2 | K30: CONTRATO 3 | N30: CUMPLE/NO CUMPLE | W30: SUBCONTRATO 2
A31: INTEGRANTE QUE APORTA EXPERIENCIA | E31: 0 | H31: 0 | K31: 0 | N31: NO CUMPLE | Q31: =+IF(ISNUMBER(Q36),LOOKUP(Q36,$AB$67:$AB$101,$AC$67:$AC$101),"")
A32: OBJETO Y/O ALCANCE | E32: REPOSICIÓN PARCIAL ALCANTARILLADO BARRIO 7 DE AGOSTO. | W32: SUBCONTRATO 3
A33: % PARTICIPACION EN EL CONTRATO | E33: 1 | W33: SUBCONTRATO 4
A34: EQUIVALENCIA DE EXPERIENCIA
A35: VALOR DEL CONTRATO ($) | E35: =463591181.97+223117286.25 -> 6.8670847e+08 | W35: SUBCONTRATO 5
A36: AÑO DE TERMINACION | E36: 2024 | W36: SUBCONTRATO 6
A37: VALOR DEL SMMLV EN EL AÑO DE TERMINACION | E37: 1300000
A38: VALOR DEL CONTRATO EN SMMLV | E38: =+E35/E37 -> 528.23728 | W38: CRITERIO FINAL
A39: VALOR CERTIFICADO ≥266.30 SMMLV | E39: CUMPLE
A40: CONSECUTIVO RUP | E40: 64
A41: VALOR EN SMMLV RUP | E41: 528.23 | V41: =+IF(#REF!="CUMPLE",1,"NC") -> #REF! | W41: =+IF(#REF!="CUMPLE",1,0) -> #REF! | X41: =+IF(V41=W41,1,0) -> #REF! | Z41: CR 1 | AA41: =+IF(#REF!>#REF!,"CUMPLE"," NO CUMPLE ") -> #REF! | AD41: =+IF(#REF!>#REF!,"CUMPLE"," NO CUMPLE ") -> #REF! | AG41: =+IF(#REF!>#REF!,"CUMPLE"," NO CUMPLE ") -> #REF! | AJ41: =+IF(#REF!>#REF!,"CUMPLE"," NO CUMPLE ") -> #REF! | AM41: =+IF(#REF!>#REF!,"CUMPLE"," NO CUMPLE ") -> #REF!
A42: CLASIFICACION UNSPSC | C42: 72141120 | E42: CUMPLE | V42: =+IF(#REF!="CUMPLE",1,0) -> #REF!
C43: 72141124 | E43: CUMPLE | V43: C. VAL | W43: CONEXIONES REQ | X43: FINAL | AA43: FINAL
A44: CUMPLE/ NO CUMPLE | E44: NO CUMPLE
A45: “Suministro e instalación de tubería para alcantarillado con D ≥ a 16" | E45: NO CUMPLE
A46: CAPACIDAD OPERATIVA-RESIDENTE DE OBRA | Q46: CUMPLE/NO CUMPLE | W46: 6 | X46: 1.5 | Z46: C5 | AA46: =+IF(#REF!="CUMPLE",1,0) -> #REF!
A47: CRITERIOS | Q47: NO CUMPLE | Z47: C6 | AA47: =+IF(#REF!="CUMPLE",1,0) -> #REF!
A48: PROFESION Ingeniero Civil o Ingeniero sanitario o Ingeniero Ambiental y Sanitario./AÑOS DE EXPERIENCIA GENERAL: 3 AÑOS | E48: /LUIS ARNOLDO ACHICANOY NARVAEZ, INGENIERO CIVIL/ 48 AÑOS EXPERIENCIA
A49: FOTOCOPIA DE LA CEDULA | E49: CUMPLE | V49: C. VAL | W49: LONG REQ | X49: FINAL | Z49: TOTAL | AA49: =SUM(AA46:AB47) -> #REF!
A50: FOTOCOPIA DE MATRICULA Y COPNIA | E50: CUMPLE | V50: =+IF(#REF!="CUMPLE",1,"NC") -> #REF! | W50: =+IF(#REF!="CUMPLE",1,0) -> #REF! | X50: =+IF(V50=W50,1,0) -> #REF!
A51: CARTA DE INTENCION | E51: NO CUMPLE
A52: EXPERIENCIA: Mínimo tres (3) contratos, en donde haya participado y/o prestado sus servicios como como contratista y/o director y/o residente en “OBRAS DE AGUA POTABLE Y/O SANEAMIENTO BÁSICO",
A53: CONTRATOS | E53: CONTRATO 1 | H53: CONTRATO 2 | K53: CONTRATO 3 | N53: CONTRATO 4 | Q53: CONTRATO 5 | R53: OBSERVACION
A54: CONTRATANTE | E54: HERNAN SALDARRIAGA HENAO/EMPOPASTO
A55: OBJETO | E55: CONSTRUCCIÓN DEL NUEVO CANAL DE CONDUCCIÓN DEL ACUEDUCTO DE PASTO.
A56: CARGO / PARTICIPACION | E56: RESIDENTE
A57: EXPERIENCIA VALIDA | E57: NO CUMPLE
V58: 5 | W58: =+IF($A$22=Q32,IF(#REF!="CUMPLE",#REF!,0),"") -> #REF! | Y58: =+IF($A$23=Q32,IF(#REF!="CUMPLE",#REF!,0),"") -> #REF! | AA58: =+IF($A$24=Q32,IF(#REF!="CUMPLE",#REF!,0),"") -> #REF! | AC58: =+IF($A$25=Q32,IF(#REF!="CUMPLE",#REF!,0),"") -> #REF! | AE58: =+IF($A$26=Q32,IF(#REF!="CUMPLE",#REF!,0),"") -> #REF!
W59: =+IF(#REF!="CUMPLE",1,"NC") -> #REF! | X59: =IF(ISNUMBER(#REF!),#REF!,"") | Y59: =+IF(W59=1,X59,"") -> #REF!
W60: =+IF(#REF!="CUMPLE",1,"NC") -> #REF! | X60: =IF(ISNUMBER(#REF!),#REF!,"") | Y60: =+IF(W60=1,X60,"") -> #REF!
B61: PROPONENTE:
B63: OBSERVACIONES | W63: =+LOOKUP(Y63,#REF!,#REF!) -> #REF! | Y63: Promoción de Servicios Nacionales o con Trato Nacional
B65: EXPERIENCIA | E65: Los documentos aportados para acreditar la Experiencia Especifica no cumplen con lo establecido en el Numeral de 4.4 CRITERIOS PARA VALORAR LA EXPERIENCIA de los pliegos, toda vez que solo acredita Acta Final del Contrato de Obra.
B66: CAPACIDAD OPERATIVO | E66: 1. HACE FALTA PRESENTAR LA CARTA DE INTENCION DE PARTE DEL INGENIERO RESIDENTE y no se aporta carta de compromiso bajo la gravedad de juramento de los demas integrantes del equipo minimo exigido; De acuerdo con el numeral 4.5 CAPACIDAD OPERATIVA y el numeral 4.5.1, se solicita que Para el caso del ingeniero residente, adicionalmente a los documentos mencionados para la "FORMA DE ACREDITACIÓN PARA EL OFERENTE O PROPONENTE", el proponente deberá presentar para la verificación del requisito habilitante, una carta de intención suscrita por el profesional o persona propuesta para el cargo comprometiéndose al porcentaje de dedicación exigido para el cargo. 2. Para la Experiencia especifica exigida en el numeral 4.5.1 para el PERSONAL MINIMO REQUERIDO, se encuentra que El profesional propuesto para el cargo deberá acreditar la experiencia específica, con mínimo tres (3) contratos, en donde haya participado y/o prestado sus servicios como contratista y/o director y/o residente en “OBRAS DE AGUA POTABLE Y/O SANEAMIENTO BÁSICO", encontrandose que solo cuenta con un contratos cvalidos.
AB67: 1988 | AC67: 25637
AB68: 1989 | AC68: 32560
AB69: 1990 | AC69: 41025
AB70: 1991 | AC70: 51720
AB71: 1992 | AC71: 65190
AB72: 1993 | AC72: 81510
AB73: 1994 | AC73: 98700
AB74: 1995 | AC74: 118934
H75: XXXX | AB75: 1996 | AC75: 142125
H76: EVALUADOR TECNICO | AB76: 1997 | AC76: 172005
AB77: 1998 | AC77: 203826
AB78: 1999 | AC78: 236460
AB79: 2000 | AC79: 260100
AB80: 2001 | AC80: 286000
AB81: 2002 | AC81: 309000
AB82: 2003 | AC82: 332000
AB83: 2004 | AC83: 358000
AB84: 2005 | AC84: 381500
AB85: 2006 | AC85: 408000
AB86: 2007 | AC86: 433700
AB87: 2008 | AC87: 461500
AB88: 2009 | AC88: 496900
... AB101: 2022 | AC101: 1000000

Sheet E. TECNICA P7
D1: EVALUACION TECNICA
D2: SAMC 021 DE 2024 - OPTIMIZACIÓN DE REDES DE ALCANTARILLADO EN DIFERENTES SECTORES DEL MUNICIPIO DE CÓRDOBA, DEPARTAMENTO DEL QUINDÍO
W5: CRITERIO | X5: PERSONA
W6: CUMPLE | X6: NATURAL
W7: NO CUMPLE | X7: JURIDICA
A8: CRITERIOS GENERALES | K8: VALORES OFICIALES
A9: PROPONENTE : | C9: NOMBRE | E9: MARCO JULIO SUESCUN LOZANO | K9: PRESUPUESTO OFICIAL | Q9: 4.6158447e+08 | U9: CUMPLE | W9: CUMPLE | X9: NATURAL
C10: P. NATURAL | E10: P. JURIDICA | G10: PROP. PLURAL | K10: SMMLV 2024 | Q10: 1300000 | U10: NO CUMPLE | W10: NO CUMPLE | X10: JURIDICA
C11: X | K11: PRES. OFICIAL EN SMMLV 2022 | Q11: =+Q9/Q10 -> 355.06498 | U11: NO APLICA
A12: INTEGRANTES: | C12: MARCO JULIO SUESCUN LOZANO | K12: FECHA DE CIERRE | Q12: 45586 | W12: NOMBRE
A13: REPRESENTANTE LEGAL: | C13: MARCO JULIO SUESCUN LOZANO | W13: =+A22 -> MARCO JULIO SUESCUN LOZANO
A14: AVAL | C14: NO APLICA
A15: COPIA TARJETA PROFESIONAL: | C15: CUMPLE
A16: MATRICULA VIGENTE: | C16: CUMPLE
A17: EXPERIENCIA GENERAL : P NATURAL .:Acreditar el título profesional de INGENIERÍA CIVIL, Y/O INGENIERÍA SANITARIA, Y/O INGENIERÍA AMBIENTAL Y SANITARIA, con experiencia profesional de DOS (2) AÑOS contada a partir de la expedición de la tarjeta y/o matrícula profesional del respectivo profesional- P JURIDICA DOS (02) AÑOS, la cual se contará a partir de la fecha de constitución registrada en el Certificado de Existencia y Representación Legal expedido por la Cámara de Comercio y que dentro de su actividad social y comercial comprenda actividades relacionadas en la construcción de infraestructura y/o agua potable y/o saneamiento básico, el representante legal o quien avala su oferta, deberá acreditar ser profesional en INGENIERÍA CIVIL, Y/O INGENIERÍA SANITARIA, Y/O INGENIERÍA AMBIENTAL Y SANITARIA, con experiencia profesional de DOS (2) AÑOS contada a partir de la expedición de la tarjeta y/o matrícula profesional del respectivo profesional,. P PLURAL Para el caso de Consorcios y/o Uniones temporales, si uno o varios de los integrantes son personas naturales, estos deberán de acreditar título profesional de INGENIERÍA CIVIL, Y/O INGENIERÍA SANITARIA, Y/O INGENIERÍA AMBIENTAL Y SANITARIA , con experiencia profesional de DOS (2) AÑOS contada a partir de la expedición de la tarjeta y/o matrícula profesional del respectivo profesional; si uno o varios de los integrantes son personas jurídicas deberá acreditar como mínimo DOS (02) AÑOS de constitución y deberá de cumplir con los mismos requisitos señalados en el literal denominado “Experiencia general para personas jurídicas”; al menos uno de los integrantes deberá acreditar como mínimo DOS (02) AÑOS de experiencia general, sin embargo, deberá de verificar los anteriores numerales para efectos de determinar cómo acreditará la condición de experiencia general. | W17: =+A23 -> 0
A18: P. NATURAL/ REP. LEGAL/AVAL | C18: CUMPLE | G18: AÑOS | H18: CUMPLE | K18: CERTIFICADO EXPEDIDO: 18-OCTUBRE-2024 / Matricula: 15-febrero-1990 | W18: =+A24 -> 0
A19: COPIA TARJETA PROFESIONAL: | C19: CUMPLE | W19: =+A25 -> 0
A20: MATRICULA VIGENTE: | C20: CUMPLE
A21: NOMBRE | D21: PROPONENTE | E21: % PARTICIPACION | G21: CEDULA - CERTIFICADO | H21: MATRICULA - OBJETO SOCIAL | I21: AÑOS DE EXPERIENCIA
A22: =+C12 -> MARCO JULIO SUESCUN LOZANO | D22: NATURAL | E22: 1 | G22: CUMPLE | H22: CUMPLE | I22: CUMPLE | W22: CONTRATO 1 | Z22: CUMPLE - FORMATO 7B
W23: CONTRATO 2 | Z23: NO CUMPLE - FORMATO 7B | AP23: j
W24: CONTRATO 3
W25: CONTRATO 4
W26: CONTRATO 5
A28: EXPERIENCIA ESPECIFICA: Máximo TRES (3) CONTRATOS, cuyo objeto o alcance corresponda a “OPTIMIZACIÓN, Y/O REPOSICIÓN, Y/O CONSTRUCCIÓN, DE: OBRAS DE INFRAESTRUCTURA PARA SANEAMIENTO BASICO” y su sumatoria sea igual o superior al 75% del presupuesto oficial del presente proceso de selección en Salarios Mínimos Mensuales Legales Vigentes, es decir, 266.30 SMMLV vigentes a la fecha de terminación del contrato aportado para acreditar la experiencia específica. Adicionalmente, por lo menos UNO (1) de los CONTRATOS deberá contemplar obligaciones y/o actividades y/o ítems relacionados con el “Suministro e instalación de tubería para alcantarillado con D ≥ a 16" | W28: CONTRATO 6
A29: VALIDACION EXPERIENCIA ESPECIFICA | W29: SUBCONTRATO 1
A30: INFORMACION BASE | E30: CONTRATO 1 | H30: CONTRATO 2 | K30: CONTRATO 3 | N30: CUMPLE/NO CUMPLE | W30: SUBCONTRATO 2
A31: INTEGRANTE QUE APORTA EXPERIENCIA | E31: MARCO JULIO SUESCUN LOZANO | N31: CUMPLE | Q31: =+IF(ISNUMBER(Q36),LOOKUP(Q36,$AB$67:$AB$101,$AC$67:$AC$101),"")
A32: OBJETO Y/O ALCANCE | E32: LA OBRA CIVIL TENDIENTE A LA CONSTRUCCIÓN DEL COLECTOR INTERCEPTOR QUEBRADA DOSQUEBRADAS EN EL BARRIO SANTA ISABEL Y EL BOHIO, DEL MUNICIPIO DE DOSQUEBRADAS | W32: SUBCONTRATO 3
A33: % PARTICIPACION EN EL CONTRATO | E33: 1 | W33: SUBCONTRATO 4
A34: EQUIVALENCIA DE EXPERIENCIA | E34: 1
A35: VALOR DEL CONTRATO ($) | E35: 2354183499 | W35: SUBCONTRATO 5
A36: AÑO DE TERMINACION | E36: 2023 | W36: SUBCONTRATO 6
A37: VALOR DEL SMMLV EN EL AÑO DE TERMINACION | E37: =+IF(ISNUMBER(E36),LOOKUP(E36,$AB$67:$AB$103,$AC$67:$AC$103),"") -> 1160000
A38: VALOR DEL CONTRATO EN SMMLV | E38: =+IF(ISBLANK(E36),0,E35/E37) -> 2029.4685 | W38: CRITERIO FINAL
A39: VALOR CERTIFICADO ≥266.30 SMMLV | E39: CUMPLE
A40: CONSECUTIVO RUP | E40: 102
A41: VALOR EN SMMLV RUP | E41: 2029.46 | V41: =+IF(#REF!="CUMPLE",1,"NC") -> #REF! | W41: =+IF(#REF!="CUMPLE",1,0) -> #REF! | X41: =+IF(V41=W41,1,0) -> #REF! | Z41: CR 1 | AA41: =+IF(#REF!>#REF!,"CUMPLE"," NO CUMPLE ") -> #REF! | AD41: =+IF(#REF!>#REF!,"CUMPLE"," NO CUMPLE ") -> #REF! | AG41: =+IF(#REF!>#REF!,"CUMPLE"," NO CUMPLE ") -> #REF! | AJ41: =+IF(#REF!>#REF!,"CUMPLE"," NO CUMPLE ") -> #REF! | AM41: =+IF(#REF!>#REF!,"CUMPLE"," NO CUMPLE ") -> #REF!
A42: CLASIFICACION UNSPSC | C42: 72141120 | E42: CUMPLE | V42: =+IF(#REF!="CUMPLE",1,0) -> #REF!
C43: 72141124 | E43: CUMPLE | V43: C. VAL | W43: CONEXIONES REQ | X43: FINAL | AA43: FINAL
A44: CUMPLE/ NO CUMPLE | E44: CUMPLE
A45: “Suministro e instalación de tubería para alcantarillado con D ≥ a 16" | E45: CUMPLE
A46: CAPACIDAD OPERATIVA-RESIDENTE DE OBRA | Q46: CUMPLE/NO CUMPLE | W46: 6 | X46: 1.5 | Z46: C5 | AA46: =+IF(#REF!="CUMPLE",1,0) -> #REF!
A47: CRITERIOS | Q47: NO CUMPLE | Z47: C6 | AA47: =+IF(#REF!="CUMPLE",1,0) -> #REF!
A48: PROFESION Ingeniero Civil o Ingeniero sanitario o Ingeniero Ambiental y Sanitario./AÑOS DE EXPERIENCIA GENERAL: 3 AÑOS | E48: CUMPLE
A49: FOTOCOPIA DE LA CEDULA | E49: CUMPLE | V49: C. VAL | W49: LONG REQ | X49: FINAL | Z49: TOTAL | AA49: =SUM(AA46:AB47) -> #REF!
A50: FOTOCOPIA DE MATRICULA Y COPNIA | E50: CUMPLE | V50: =+IF(#REF!="CUMPLE",1,"NC") -> #REF! | W50: =+IF(#REF!="CUMPLE",1,0) -> #REF! | X50: =+IF(V50=W50,1,0) -> #REF!
A51: CARTA DE INTENCION | E51: NO CUMPLE
A52: EXPERIENCIA: Mínimo tres (3) contratos, en donde haya participado y/o prestado sus servicios como como contratista y/o director y/o residente en “OBRAS DE AGUA POTABLE Y/O SANEAMIENTO BÁSICO",
A53: CONTRATOS | E53: CONTRATO 1 | H53: CONTRATO 2 | K53: CONTRATO 3 | N53: CONTRATO 4 | Q53: CONTRATO 5 | R53: OBSERVACION
A54: CONTRATANTE | E54: UCO S.A | H54: SERVICIOS POSTALES NACIONALES SA | R54: DEBE SUBSANAR
A55: OBJETO | E55: CONSUL TORIA PARA LA ELABORACION DE LOS ESTUDIOS PRELIMINARES, DISEÑOS TECNICOS ESTRUCTURALES, ELECTRICOS E HIDROSANITARIOS PARA LA BRIGADA DE INFANTERIA DE MARINA NR. 5 "BRIM5" CON SEDE EN PUERTO CARREÑO (VICHADA), BRIGADA DE INFANTERIA DE MARINA NR. 4 "BRIM4" CON SED!= EN TUMACO (NARIÑO), BATALLON FLUVIAL DE INFANTERIA DE MARINA NR. 52 "BAFLIM52" CON SEDE EN ARAUCA (ARAUCA) Y EL BATALLON FLUVIAL DE INFANTERIA DE MARINA NR. 10 "BAFLIM10" CON SEDE EN GUAPI (CAUCA) | H55: REALIZAR LA INTERVENTORIA TECNICA, ADMINIISTRATIVA, FINANCIERA Y AMBIENTAL AL CONTRATO N°130 DE 2014 CON INVITACION PUBLICA N°002-2014 CON LA EMPRESA PAVIGAS LTDA…
A56: CARGO / PARTICIPACION | E56: ING AUXILIAR | H56: REPRESENTANTE LEGAL
A57: EXPERIENCIA VALIDA | E57: NO CUMPLE | H57: NO CUMPLE
V58: 5 | W58: =+IF($A$22=Q32,IF(#REF!="CUMPLE",#REF!,0),"") | Y58: =+IF($A$23=Q32,IF(#REF!="CUMPLE",#REF!,0),"") -> #REF! | AA58: =+IF($A$24=Q32,IF(#REF!="CUMPLE",#REF!,0),"") -> #REF! | AC58: =+IF($A$25=Q32,IF(#REF!="CUMPLE",#REF!,0),"") -> #REF! | AE58: =+IF($A$26=Q32,IF(#REF!="CUMPLE",#REF!,0),"") -> #REF!
W59: =+IF(#REF!="CUMPLE",1,"NC") -> #REF! | X59: =IF(ISNUMBER(#REF!),#REF!,"") | Y59: =+IF(W59=1,X59,"") -> #REF!
W60: =+IF(#REF!="CUMPLE",1,"NC") -> #REF! | X60: =IF(ISNUMBER(#REF!),#REF!,"") | Y60: =+IF(W60=1,X60,"") -> #REF!
B61: PROPONENTE: MARCO JULIO SUESCUN LOZANO
B63: OBSERVACIONES | W63: =+LOOKUP(Y63,#REF!,#REF!) -> #REF! | Y63: Promoción de Servicios Nacionales o con Trato Nacional
B65: EXPERIENCIA | E65: Para el caso de la Experiencia especifica del CONTRATO 2 presentado a la entidad en este proceso para validacion de la experiencia del Ing. Residente ANDRES ZAMBRANO CONSTAIN, no se evidencia el alcance o actividades ejecutadas en relacion a las obras correspondientes a "AGUA POTABLE Y/O SANEAMIENTO BASICO" 4. El profesional propuesto para el cargo de Ingeniero Residente de Obra, deberá acreditar la experiencia específica NUMERAL 4.5.1, con mínimo tres (3) contratos, en donde haya participado y/o prestado sus servicios como contratista y/o director y/o residente en “OBRAS DE AGUA POTABLE Y/O SANEAMIENTO BÁSICO", condicion que no es cumplida por el profesional propuesto por el oferente, dado que solo se entregaron dos contratos para revision en el proceso de contratacion.
B66: CAPACIDAD OPERATIVO | E66: SE DEBE SUBSANAR... 1. HACE FALTA PRESENTAR LA CARTA DE INTENCION DE PARTE DEL INGENIERO RESIDENTE y no se aporta carta de compromiso bajo la gravedad de juramento de los demas integrantes del equipo minimo exigido; De acuerdo con el numeral 4.5 CAPACIDAD OPERATIVA y el numeral 4.5.1, se solicita que Para el caso del ingeniero residente, adicionalmente a los documentos mencionados para la "FORMA DE ACREDITACIÓN PARA EL OFERENTE O PROPONENTE", el proponente deberá presentar para la verificación del requisito habilitante, una carta de intención suscrita por el profesional o persona propuesta para el cargo comprometiéndose al porcentaje de dedicación exigido para el cargo. 2. Para la Experiencia especifica exigida en el numeral 4.5.1 para el PERSONAL MINIMO REQUERIDO, se encuentra que El profesional propuesto para el cargo deberá acreditar la experiencia específica, con mínimo tres (3) contratos, en donde haya participado y/o prestado sus servicios como contratista y/o director y/o residente en “OBRAS DE AGUA POTABLE Y/O SANEAMIENTO BÁSICO", encontrandose que solo cuenta con dos contratos cvalidos.
AB67: 1988 | AC67: 25637
AB68: 1989 | AC68: 32560
AB69: 1990 | AC69: 41025
AB70: 1991 | AC70: 51720
H71: LUIS LEONARDO BOHORQUEZ M | AB71: 1992 | AC71: 65190
H72: EVALUADOR TECNICO | AB72: 1993 | AC72: 81510
AB73: 1994 | AC73: 98700
AB74: 1995 | AC74: 118934
AB75: 1996 | AC75: 142125
AB76: 1997 | AC76: 172005
AB77: 1998 | AC77: 203826
AB78: 1999 | AC78: 236460
AB79: 2000 | AC79: 260100
AB80: 2001 | AC80: 286000
AB81: 2002 | AC81: 309000
AB82: 2003 | AC82: 332000
AB83: 2004 | AC83: 358000
AB84: 2005 | AC84: 381500
... AB103: 2024 | AC103: 1300000

Sheet Hoja2
B2: ANEXO 13 FORMTO OFERTA ECONOMICA
B3: OPTIMIZACION DE REDES DE ALCANTARILLADO EN DIFERENTES SECTORES DEL MUNICIPIO DE CIRCASIA, DEPARTAMENTO DEL QUINDÍO
B4: OPTIMIZACIÓN RED DE ALCANTARILLADO CALLE 11 ENTRE CARRERA 11 Y 12 ENTRE CAMARAS 685 Y 569 CIRCASIA-QUINDIO
B5: ÍTEM | C5: ACTIVIDADES | D5: UNID | E5: CANT | F5: VR UNITARIO | G5: VALOR PARCIAL
B6: 1 | C6: PRELIMINARES Y SEÑALIZACIÓN | G6: 1829702.9
B7: 1.1 | C7: Localización y replanteo | D7: Ml | E7: 38 | F7: 7718.75 | G7: 293312.5 | I7: =+E7*F7 -> 293312.5 | J7: =+I7-G7 -> 0
B8: 1.2 | C8: Señalización preventiva con tela PP | D8: Ml | E8: 80 | F8: 5504.44 | G8: 440355.2 | I8: =+E8*F8 -> 440355.2 | J8: =+I8-G8 -> 0
B9: 1.3 | C9: Pasos peatonales provisionales | D9: Un | E9: 3 | F9: 11687.54 | G9: 35062.62 | I9: =+E9*F9 -> 35062.62 | J9: =+I9-G9 -> 0
B10: 1.4 | C10: Manejo de aguas | D10: Ml | E10: 38 | F10: 27920.33 | G10: 1060972.5 | I10: =+E10*F10 -> 1060972.5 | J10: =+I10-G10 -> 0
B11: 2 | C11: MOVIMIENTO DE TIERRA | G11: 15148732
B12: 2.1 | C12: Excavación en material comun a mano entre 0-2 m (Incluye retiro tuberia existente) | D12: M3 | E12: 147 | F12: 22296.36 | G12: 3277564.9 | I12: =+E12*F12 -> 3277564.9 | J12: =+I12-G12 -> 0
B13: 2.2 | C13: Excavación en material comun a mano entre 2-4 m (Incluye retiro tuberia existente) | D13: M3 | E13: 12 | F13: 29562.02 | G13: 354744.24 | I13: =+E13*F13 -> 354744.24 | J13: =+I13-G13 -> 0
B14: 2.3 | C14: Lleno compactado con material de sitio | D14: M3 | E14: 79 | F14: 15040.33 | G14: 1188186.1 | I14: =+E14*F14 -> 1188186.1 | J14: =+I14-G14 -> 0
B15: 2.4 | C15: Lleno compactado incluye suministro de material de prestamo de cantera y/o río | D15: M3 | E15: 70 | F15: 50570.48 | G15: 3539933.6 | I15: =+E15*F15 -> 3539933.6 | J15: =+I15-G15 -> 0
B16: 2.5 | C16: Cama para cimentacion con material triturado | D16: M3 | E16: 28 | F16: 145246.84 | G16: 4066911.5 | I16: =+E16*F16 -> 4066911.5 | J16: =+I16-G16 -> 0
B17: 2.6 | C17: Entibado Tipo B | D17: M2 | E17: 76 | F17: 35807.78 | G17: 2721391.3 | I17: =+E17*F17 -> 2721391.3 | J17: =+I17-G17 -> 0
B18: 3 | C18: SUMINISTRO E INSTALACIÓN ALCANTARILLADO | G18: 11975464
B19: 3.1 | C19: Suministro e instalacion Tuberia Perfilada D=6" | D19: Ml | E19: 90 | F19: 37687.58 | G19: 3391882.2 | I19: =+E19*F19 -> 3391882.2 | J19: =+I19-G19 -> 0
B20: 3.2 | C20: Suministro e instalacion Tuberia Perfilada D=12" | D20: Ml | E20: 38 | F20: 151531.16 | G20: 5758184.1 | I20: =+E20*F20 -> 5758184.1 | J20: =+I20-G20 -> 0
B21: 3.3 | C21: Suministro e instalación Kit Silla Yee 12" x6" | D21: Un | E21: 15 | F21: 188359.82 | G21: 2825397.3 | I21: =+E21*F21 -> 2825397.3 | J21: =+I21-G21 -> 0
B22: 4 | C22: OBRAS EN CONCRETO | G22: 18212971
B23: 4.1 | C23: Caja de Inspección 0,8x0,8x0,8 e=0.10m (Incluye tapa en concreto) | D23: Un | E23: 15 | F23: 712746.9 | G23: 10691204 | I23: =+E23*F23 -> 10691204 | J23: =+I23-G23 -> 0
B24: 4.2 | C24: Imprimación asfalto con emulsión asfáltica | D24: M2 | E24: 85 | F24: 5800.39 | G24: 493033.15 | I24: =+E24*F24 -> 493033.15 | J24: =+I24-G24 -> 0
B25: 4.3 | C25: Mezcla densa en caliente tipo MDC-19 E=0,07m | D25: M3 | E25: 6 | F25: 1171455.7 | G25: 7028734.1 | I25: =+E25*F25 -> 7028734.1 | J25: =+I25-G25 -> 0
B26: 5 | C26: PAVIMENTOS Y REPOSICIONES | G26: 2146500.2
B27: 5.1 | C27: Suministro, conformación y compactación Sub Base granular | D27: M3 | E27: 17 | F27: 126264.72 | G27: 2146500.2 | I27: =+E27*F27 -> 2146500.2 | J27: =+I27-G27 -> 0
B28: 6 | C28: OBRAS Y ACTIVIDADES COMPLEMENTARIAS | G28: 2154977.5
B29: 6.1 | C29: Cargue y retiro de material sobrante | D29: M3 | E29: 40 | F29: 40510.17 | G29: 1620406.8 | I29: =+E29*F29 -> 1620406.8 | J29: =+I29-G29 -> 0
B30: 6.2 | C30: Inspección interna de la red de alcantarillado con equipo CCT | D30: ML | E30: 38 | F30: 14067.65 | G30: 534570.7 | I30: =+E30*F30 -> 534570.7 | J30: =+I30-G30 -> 0
C31: SUBTOTAL CALLE 11 | G31: 51468347
B32: OPTIMIZACIÓN RED DE ALCANTARILLADO ALTO DE LA TAZA ENTRE MANZANA A Y BARRIO OBRERO CIRCASIA-QUINDIO
B33: ÍTEM | C33: ACTIVIDADES | D33: UNID | E33: CANT | F33: VR UNITARIO | G33: VALOR PARCIAL
B34: 1 | C34: PRELIMINARES Y SEÑALIZACIÓN | G34: 3265292.8
B35: 1.1 | C35: Localización y replanteo | D35: Ml | E35: 112 | F35: 7718.75 | G35: 864500 | I35: =+E35*F35 -> 864500 | J35: =+I35-G35 -> 0
B36: 1.2 | C36: Señalización preventiva con tela PP | D36: Ml | E36: 223 | F36: 5504.44 | G36: 1227490.1 | I36: =+E36*F36 -> 1227490.1 | J36: =+I36-G36 -> 0
B37: 1.3 | C37: Pasos peatonales provisionales | D37: Un | E37: 12 | F37: 11687.54 | G37: 140250.48 | I37: =+E37*F37 -> 140250.48 | J37: =+I37-G37 -> 0
B38: 1.4 | C38: Manejo de aguas | D38: Ml | E38: 37 | F38: 27920.33 | G38: 1033052.2 | I38: =+E38*F38 -> 1033052.2 | J38: =+I38-G38 -> 0
B39: 2 | C39: MOVIMIENTO DE TIERRA | G39: 36130609
B40: 2.1 | C40: Excavación en material comun a mano entre 0-2 m (Incluye retiro tuberia existente) | D40: M3 | E40: 301 | F40: 22296.36 | G40: 6711204.4 | I40: =+E40*F40 -> 6711204.4 | J40: =+I40-G40 -> 0
B41: 2.2 | C41: Excavación en material comun a mano entre 2-4 m (Incluye retiro tuberia existente) | D41: M3 | E41: 116 | F41: 29562.02 | G41: 3429194.3 | I41: =+E41*F41 -> 3429194.3 | J41: =+I41-G41 -> 0
B42: 2.3 | C42: Lleno compactado con material de sitio | D42: M3 | E42: 220 | F42: 15040.33 | G42: 3308872.6 | I42: =+E42*F42 -> 3308872.6 | J42: =+I42-G42 -> 0
B43: 2.4 | C43: Lleno compactado incluye suministro de material de prestamo de cantera y/o río | D43: M3 | E43: 147 | F43: 50570.48 | G43: 7433860.6 | I43: =+E43*F43 -> 7433860.6 | J43: =+I43-G43 -> 0
B44: 2.5 | C44: Cama para cimentacion con material triturado | D44: M3 | E44: 50 | F44: 145246.84 | G44: 7262342 | I44: =+E44*F44 -> 7262342 | J44: =+I44-G44 -> 0
B45: 2.6 | C45: Entibado Tipo B | D45: M2 | E45: 223 | F45: 35807.78 | G45: 7985134.9 | I45: =+E45*F45 -> 7985134.9 | J45: =+I45-G45 -> 0
B46: 3 | C46: SUMINISTRO E INSTALACIÓN ALCANTARILLADO | G46: 28073147
B47: 3.1 | C47: Suministro e instalacion Tuberia Perfilada D=6" | D47: Ml | E47: 96 | F47: 37687.58 | G47: 3618007.7 | I47: =+E47*F47 -> 3618007.7 | J47: =+I47-G47 -> 0
B48: 3.2 | C48: Suministro e instalacion Tuberia Perfilada D=12" | D48: Ml | E48: 30 | F48: 151531.16 | G48: 4545934.8 | I48: =+E48*F48 -> 4545934.8 | J48: =+I48-G48 -> 0
B49: 3.3 | C49: Suministro e instalacion Tuberia Perfilada D=16" | D49: ML | E49: 74 | F49: 220758.89 | G49: 16336158 | I49: =+E49*F49 -> 16336158 | J49: =+I49-G49 -> 0
B50: 3.4 | C50: Suministro e instalación Kit Silla Yee 16" x6" | D50: Un | E50: 16 | F50: 223315.42 | G50: 3573046.7 | I50: =+E50*F50 -> 3573046.7 | J50: =+I50-G50 -> 0
B51: 4 | C51: OBRAS EN CONCRETO | G51: 19836693
B52: 4.1 | C52: Cuerpo cámara D=1,2m en concreto de 21MPa (incluye peldaños) | D52: Ml | E52: 4 | F52: 787937.93 | G52: 3151751.7 | I52: =+E52*F52 -> 3151751.7 | J52: =+I52-G52 -> 0
B53: 4.2 | C53: Caja de Inspección 0,8x0,8x0,8 e=0.10m (Incluye tapa en concreto) | D53: Un | E53: 16 | F53: 712746.9 | G53: 11403950 | I53: =+E53*F53 -> 11403950 | J53: =+I53-G53 -> 0
B54: 4.3 | C54: Losa tapa 1,6*1,6*0.2m en concreto (incluye tapa en HF) | D54: Un | E54: 1 | F54: 1063646.8 | G54: 1063646.8 | I54: =+E54*F54 -> 1063646.8 | J54: =+I54-G54 -> 0
B55: 4.4 | C55: Construccion base y cañuela | D55: Un | E55: 1 | F55: 401677.59 | G55: 401677.59 | I55: =+E55*F55 -> 401677.59 | J55: =+I55-G55 -> 0
B56: 4.5 | C56: Brazo de caida en tuberia de diametro 12" incluye accesorios y concreto | D56: Un | E56: 3 | F56: 1166841 | G56: 3500523.1 | I56: =+E56*F56 -> 3500523.1 | J56: =+I56-G56 -> 0
B57: 4.6 | C57: Empalme cámaras existentes | D57: Un | E57: 4 | F57: 78785.79 | G57: 315143.16 | I57: =+E57*F57 -> 315143.16 | J57: =+I57-G57 -> 0
B58: 5 | C58: PAVIMENTOS Y REPOSICIONES | G58: 3787941.6
B59: 5.1 | C59: Suministro, conformación y compactación Sub Base granular | D59: M3 | E59: 30 | F59: 126264.72 | G59: 3787941.6 | I59: =+E59*F59 -> 3787941.6 | J59: =+I59-G59 -> 0
B60: 6 | C60: OBRAS Y ACTIVIDADES COMPLEMENTARIAS | G60: 3893546
B61: 6.1 | C61: Cargue y retiro de material sobrante | D61: M3 | E61: 60 | F61: 40510.17 | G61: 2430610.2 | I61: =+E61*F61 -> 2430610.2 | J61: =+I61-G61 -> 0
B62: 6.2 | C62: Inspección interna de la red de alcantarillado con equipo CCT | D62: M | E62: 104 | F62: 14066.69 | G62: 1462935.8 | I62: =+E62*F62 -> 1462935.8 | J62: =+I62-G62 -> 0
C63: SUBTOTAL ALTO DE LA TAZA | G63: 94987229
C64: SUBTOTAL COSTOS DIRECTOS | G64: 1.4645558e+08 | I64: =SUM(I7:I62) -> 1.4645558e+08
C65: ADMINISTRACION | F65: 0.32 | G65: 46865784 | I65: =+I64*F65 -> 46865784
C66: IMPREVISTOS | F66: 0.01 | G66: 1464555.8 | I66: =+I64*F66 -> 1464555.8
C67: UTILIDAD | F67: 0.05 | G67: 7322778.8 | I67: =+I64*F67 -> 7322778.8
C68: VALOR TOTAL | G68: 2.0210869e+08 | I68: =SUM(I64:I67) -> 2.0210869e+08
B72: ANEXO 13 FORMTO OFERTA ECONOMICA
B73: OPTIMIZACION DE REDES DE ALCANTARILLADO EN DIFERENTES SECTORES DEL MUNICIPIO DE CIRCASIA, DEPARTAMENTO DEL QUINDÍO
B74: OPTIMIZACIÓN RED DE ALCANTARILLADO CALLE 11 ENTRE CARRERA 11 Y 12 ENTRE CAMARAS 685 Y 569 CIRCASIA-QUINDIO
B75: ÍTEM | C75: ACTIVIDADES | D75: UNID | E75: CANT | F75: VR UNITARIO | G75: VALOR PARCIAL
B76: 1 | C76: PRELIMINARES Y SEÑALIZACIÓN | G76: 1806954
B77: 1.1 | C77: Localización y replanteo | D77: Ml | E77: 38 | F77: 7623 | G77: 289674 | I77: =+E77*F77 -> 289674 | J77: =+I77-G77 -> 0
B78: 1.2 | C78: Señalización preventiva con tela PP | D78: Ml | E78: 80 | F78: 5436 | G78: 434880 | I78: =+E78*F78 -> 434880 | J78: =+I78-G78 -> 0
B79: 1.3 | C79: Pasos peatonales provisionales | D79: Un | E79: 3 | F79: 11542 | G79: 34626 | I79: =+E79*F79 -> 34626 | J79: =+I79-G79 -> 0
B80: 1.4 | C80: Manejo de aguas | D80: Ml | E80: 38 | F80: 27573 | G80: 1047774 | I80: =+E80*F80 -> 1047774 | J80: =+I80-G80 -> 0
B81: 2 | C81: MOVIMIENTO DE TIERRA | G81: 14960182
B82: 2.1 | C82: Excavación en material comun a mano entre 0-2 m (Incluye retiro tuberia existente) | D82: M3 | E82: 147 | F82: 22019 | G82: 3236793 | I82: =+E82*F82 -> 3236793 | J82: =+I82-G82 -> 0
B83: 2.2 | C83: Excavación en material comun a mano entre 2-4 m (Incluye retiro tuberia existente) | D83: M3 | E83: 12 | F83: 29194 | G83: 350328 | I83: =+E83*F83 -> 350328 | J83: =+I83-G83 -> 0
B84: 2.3 | C84: Lleno compactado con material de sitio | D84: M3 | E84: 79 | F84: 14853 | G84: 1173387 | I84: =+E84*F84 -> 1173387 | J84: =+I84-G84 -> 0
B85: 2.4 | C85: Lleno compactado incluye suministro de material de prestamo de cantera y/o río | D85: M3 | E85: 70 | F85: 49941 | G85: 3495870 | I85: =+E85*F85 -> 3495870 | J85: =+I85-G85 -> 0
B86: 2.5 | C86: Cama para cimentacion con material triturado | D86: M3 | E86: 28 | F86: 143439 | G86: 4016292 | I86: =+E86*F86 -> 4016292 | J86: =+I86-G86 -> 0
B87: 2.6 | C87: Entibado Tipo B | D87: M2 | E87: 76 | F87: 35362 | G87: 2687512 | I87: =+E87*F87 -> 2687512 | J87: =+I87-G87 -> 0
B88: 3 | C88: SUMINISTRO E INSTALACIÓN ALCANTARILLADO | G88: 11826355
B89: 3.1 | C89: Suministro e instalacion Tuberia Perfilada D=6" | D89: Ml | E89: 90 | F89: 37218 | G89: 3349620 | I89: =+E89*F89 -> 3349620 | J89: =+I89-G89 -> 0
B90: 3.2 | C90: Suministro e instalacion Tuberia Perfilada D=12" | D90: Ml | E90: 38 | F90: 149645 | G90: 5686510 | I90: =+E90*F90 -> 5686510 | J90: =+I90-G90 -> 0
B91: 3.3 | C91: Suministro e instalación Kit Silla Yee 12" x6" | D91: Un | E91: 15 | F91: 186015 | G91: 2790225 | I91: =+E91*F91 -> 2790225 | J91: =+I91-G91 -> 0
B92: 4 | C92: OBRAS EN CONCRETO | G92: 17986243
B93: 4.1 | C93: Caja de Inspección 0,8x0,8x0,8 e=0.10m (Incluye tapa en concreto) | D93: Un | E93: 15 | F93: 703875 | G93: 10558125 | I93: =+E93*F93 -> 10558125 | J93: =+I93-G93 -> 0
B94: 4.2 | C94: Imprimación asfalto con emulsión asfáltica | D94: M2 | E94: 85 | F94: 5728 | G94: 486880 | I94: =+E94*F94 -> 486880 | J94: =+I94-G94 -> 0
B95: 4.3 | C95: Mezcla densa en caliente tipo MDC-19 E=0,07m | D95: M3 | E95: 6 | F95: 1156873 | G95: 6941238 | I95: =+E95*F95 -> 6941238 | J95: =+I95-G95 -> 0
B96: 5 | C96: PAVIMENTOS Y REPOSICIONES | G96: 2119781
B97: 5.1 | C97: Suministro, conformación y compactación Sub Base granular | D97: M3 | E97: 17 | F97: 124693 | G97: 2119781 | I97: =+E97*F97 -> 2119781 | J97: =+I97-G97 -> 0
B98: 6 | C98: OBRAS Y ACTIVIDADES COMPLEMENTARIAS | G98: 2128174
B99: 6.1 | C99: Cargue y retiro de material sobrante | D99: M3 | E99: 40 | F99: 40006 | G99: 1600240 | I99: =+E99*F99 -> 1600240 | J99: =+I99-G99 -> 0
B100: 6.2 | C100: Inspección interna de la red de alcantarillado con equipo CCT | D100: ML | E100: 38 | F100: 13893 | G100: 527934 | I100: =+E100*F100 -> 527934 | J100: =+I100-G100 -> 0
C101: SUBTOTAL CALLE 11 | G101: 50827689
B102: OPTIMIZACIÓN RED DE ALCANTARILLADO ALTO DE LA TAZA ENTRE MANZANA A Y BARRIO OBRERO
B103: CIRCASIA-QUINDIO
B104: ÍTEM | C104: ACTIVIDADES | D104: UNID | E104: CANT | F104: VR UNITARIO | G104: VALOR PARCIAL
...
